%YAML 1.1
%TAG !u! tag:unity3d.com,2011:
--- !u!29 &1
OcclusionCullingSettings:
  m_ObjectHideFlags: 0
  serializedVersion: 2
  m_OcclusionBakeSettings:
    smallestOccluder: 5
    smallestHole: 0.25
    backfaceThreshold: 100
  m_SceneGUID: 00000000000000000000000000000000
  m_OcclusionCullingData: {fileID: 0}
--- !u!104 &2
RenderSettings:
  m_ObjectHideFlags: 0
  serializedVersion: 9
  m_Fog: 0
  m_FogColor: {r: 0.5, g: 0.5, b: 0.5, a: 1}
  m_FogMode: 3
  m_FogDensity: 0.01
  m_LinearFogStart: 0
  m_LinearFogEnd: 300
  m_AmbientSkyColor: {r: 0.212, g: 0.227, b: 0.259, a: 1}
  m_AmbientEquatorColor: {r: 0.114, g: 0.125, b: 0.133, a: 1}
  m_AmbientGroundColor: {r: 0.047, g: 0.043, b: 0.035, a: 1}
  m_AmbientIntensity: 1
  m_AmbientMode: 0
  m_SubtractiveShadowColor: {r: 0.42, g: 0.478, b: 0.627, a: 1}
  m_SkyboxMaterial: {fileID: 10304, guid: 0000000000000000f000000000000000, type: 0}
  m_HaloStrength: 0.5
  m_FlareStrength: 1
  m_FlareFadeSpeed: 3
  m_HaloTexture: {fileID: 0}
  m_SpotCookie: {fileID: 10001, guid: 0000000000000000e000000000000000, type: 0}
  m_DefaultReflectionMode: 0
  m_DefaultReflectionResolution: 128
  m_ReflectionBounces: 1
  m_ReflectionIntensity: 1
  m_CustomReflection: {fileID: 0}
  m_Sun: {fileID: 0}
  m_IndirectSpecularColor: {r: 0, g: 0, b: 0, a: 1}
  m_UseRadianceAmbientProbe: 0
--- !u!157 &3
LightmapSettings:
  m_ObjectHideFlags: 0
  serializedVersion: 11
  m_GIWorkflowMode: 1
  m_GISettings:
    serializedVersion: 2
    m_BounceScale: 1
    m_IndirectOutputScale: 1
    m_AlbedoBoost: 1
    m_EnvironmentLightingMode: 0
    m_EnableBakedLightmaps: 1
    m_EnableRealtimeLightmaps: 0
  m_LightmapEditorSettings:
    serializedVersion: 12
    m_Resolution: 2
    m_BakeResolution: 40
    m_AtlasSize: 1024
    m_AO: 0
    m_AOMaxDistance: 1
    m_CompAOExponent: 1
    m_CompAOExponentDirect: 0
    m_ExtractAmbientOcclusion: 0
    m_Padding: 2
    m_LightmapParameters: {fileID: 0}
    m_LightmapsBakeMode: 1
    m_TextureCompression: 1
    m_FinalGather: 0
    m_FinalGatherFiltering: 1
    m_FinalGatherRayCount: 256
    m_ReflectionCompression: 2
    m_MixedBakeMode: 2
    m_BakeBackend: 1
    m_PVRSampling: 1
    m_PVRDirectSampleCount: 32
    m_PVRSampleCount: 512
    m_PVRBounces: 2
    m_PVREnvironmentSampleCount: 256
    m_PVREnvironmentReferencePointCount: 2048
    m_PVRFilteringMode: 1
    m_PVRDenoiserTypeDirect: 1
    m_PVRDenoiserTypeIndirect: 1
    m_PVRDenoiserTypeAO: 1
    m_PVRFilterTypeDirect: 0
    m_PVRFilterTypeIndirect: 0
    m_PVRFilterTypeAO: 0
    m_PVREnvironmentMIS: 1
    m_PVRCulling: 1
    m_PVRFilteringGaussRadiusDirect: 1
    m_PVRFilteringGaussRadiusIndirect: 5
    m_PVRFilteringGaussRadiusAO: 2
    m_PVRFilteringAtrousPositionSigmaDirect: 0.5
    m_PVRFilteringAtrousPositionSigmaIndirect: 2
    m_PVRFilteringAtrousPositionSigmaAO: 1
    m_ExportTrainingData: 0
    m_TrainingDataDestination: TrainingData
    m_LightProbeSampleCountMultiplier: 4
  m_LightingDataAsset: {fileID: 0}
  m_UseShadowmask: 1
--- !u!196 &4
NavMeshSettings:
  serializedVersion: 2
  m_ObjectHideFlags: 0
  m_BuildSettings:
    serializedVersion: 2
    agentTypeID: 0
    agentRadius: 0.5
    agentHeight: 2
    agentSlope: 45
    agentClimb: 0.4
    ledgeDropHeight: 0
    maxJumpAcrossDistance: 0
    minRegionArea: 2
    manualCellSize: 0
    cellSize: 0.16666667
    manualTileSize: 0
    tileSize: 256
    accuratePlacement: 0
    debug:
      m_Flags: 0
  m_NavMeshData: {fileID: 0}
--- !u!1001 &8589120
PrefabInstance:
  m_ObjectHideFlags: 0
  serializedVersion: 2
  m_Modification:
    m_TransformParent: {fileID: 0}
    m_Modifications:
    - target: {fileID: 4919918841772766201, guid: cc2cce5e684fc39469567938844a585b,
        type: 3}
      propertyPath: m_Name
      value: bomb (5)
      objectReference: {fileID: 0}
    - target: {fileID: 8222528135632716266, guid: cc2cce5e684fc39469567938844a585b,
        type: 3}
      propertyPath: m_LocalPosition.x
      value: -11.32
      objectReference: {fileID: 0}
    - target: {fileID: 8222528135632716266, guid: cc2cce5e684fc39469567938844a585b,
        type: 3}
      propertyPath: m_LocalPosition.y
      value: -0.0004758215
      objectReference: {fileID: 0}
    - target: {fileID: 8222528135632716266, guid: cc2cce5e684fc39469567938844a585b,
        type: 3}
      propertyPath: m_LocalPosition.z
      value: 3.85
      objectReference: {fileID: 0}
    - target: {fileID: 8222528135632716266, guid: cc2cce5e684fc39469567938844a585b,
        type: 3}
      propertyPath: m_LocalRotation.x
      value: -0.7071068
      objectReference: {fileID: 0}
    - target: {fileID: 8222528135632716266, guid: cc2cce5e684fc39469567938844a585b,
        type: 3}
      propertyPath: m_LocalRotation.y
      value: 0
      objectReference: {fileID: 0}
    - target: {fileID: 8222528135632716266, guid: cc2cce5e684fc39469567938844a585b,
        type: 3}
      propertyPath: m_LocalRotation.z
      value: -0
      objectReference: {fileID: 0}
    - target: {fileID: 8222528135632716266, guid: cc2cce5e684fc39469567938844a585b,
        type: 3}
      propertyPath: m_LocalRotation.w
      value: 0.7071067
      objectReference: {fileID: 0}
    - target: {fileID: 8222528135632716266, guid: cc2cce5e684fc39469567938844a585b,
        type: 3}
      propertyPath: m_RootOrder
      value: 15
      objectReference: {fileID: 0}
    - target: {fileID: 8222528135632716266, guid: cc2cce5e684fc39469567938844a585b,
        type: 3}
      propertyPath: m_LocalEulerAnglesHint.x
      value: 0
      objectReference: {fileID: 0}
    - target: {fileID: 8222528135632716266, guid: cc2cce5e684fc39469567938844a585b,
        type: 3}
      propertyPath: m_LocalEulerAnglesHint.y
      value: 0
      objectReference: {fileID: 0}
    - target: {fileID: 8222528135632716266, guid: cc2cce5e684fc39469567938844a585b,
        type: 3}
      propertyPath: m_LocalEulerAnglesHint.z
      value: 0
      objectReference: {fileID: 0}
    m_RemovedComponents: []
  m_SourcePrefab: {fileID: 100100000, guid: cc2cce5e684fc39469567938844a585b, type: 3}
--- !u!1001 &212421212
PrefabInstance:
  m_ObjectHideFlags: 0
  serializedVersion: 2
  m_Modification:
    m_TransformParent: {fileID: 0}
    m_Modifications:
    - target: {fileID: 4919918841772766201, guid: cc2cce5e684fc39469567938844a585b,
        type: 3}
      propertyPath: m_Name
      value: bomb (4)
      objectReference: {fileID: 0}
    - target: {fileID: 8222528135632716266, guid: cc2cce5e684fc39469567938844a585b,
        type: 3}
      propertyPath: m_LocalPosition.x
      value: -13.57
      objectReference: {fileID: 0}
    - target: {fileID: 8222528135632716266, guid: cc2cce5e684fc39469567938844a585b,
        type: 3}
      propertyPath: m_LocalPosition.y
      value: -0.0004758215
      objectReference: {fileID: 0}
    - target: {fileID: 8222528135632716266, guid: cc2cce5e684fc39469567938844a585b,
        type: 3}
      propertyPath: m_LocalPosition.z
      value: 5.1
      objectReference: {fileID: 0}
    - target: {fileID: 8222528135632716266, guid: cc2cce5e684fc39469567938844a585b,
        type: 3}
      propertyPath: m_LocalRotation.x
      value: -0.7071068
      objectReference: {fileID: 0}
    - target: {fileID: 8222528135632716266, guid: cc2cce5e684fc39469567938844a585b,
        type: 3}
      propertyPath: m_LocalRotation.y
      value: 0
      objectReference: {fileID: 0}
    - target: {fileID: 8222528135632716266, guid: cc2cce5e684fc39469567938844a585b,
        type: 3}
      propertyPath: m_LocalRotation.z
      value: -0
      objectReference: {fileID: 0}
    - target: {fileID: 8222528135632716266, guid: cc2cce5e684fc39469567938844a585b,
        type: 3}
      propertyPath: m_LocalRotation.w
      value: 0.7071067
      objectReference: {fileID: 0}
    - target: {fileID: 8222528135632716266, guid: cc2cce5e684fc39469567938844a585b,
        type: 3}
      propertyPath: m_RootOrder
      value: 14
      objectReference: {fileID: 0}
    - target: {fileID: 8222528135632716266, guid: cc2cce5e684fc39469567938844a585b,
        type: 3}
      propertyPath: m_LocalEulerAnglesHint.x
      value: 0
      objectReference: {fileID: 0}
    - target: {fileID: 8222528135632716266, guid: cc2cce5e684fc39469567938844a585b,
        type: 3}
      propertyPath: m_LocalEulerAnglesHint.y
      value: 0
      objectReference: {fileID: 0}
    - target: {fileID: 8222528135632716266, guid: cc2cce5e684fc39469567938844a585b,
        type: 3}
      propertyPath: m_LocalEulerAnglesHint.z
      value: 0
      objectReference: {fileID: 0}
    m_RemovedComponents: []
  m_SourcePrefab: {fileID: 100100000, guid: cc2cce5e684fc39469567938844a585b, type: 3}
--- !u!1001 &357945677
PrefabInstance:
  m_ObjectHideFlags: 0
  serializedVersion: 2
  m_Modification:
    m_TransformParent: {fileID: 1946262814}
    m_Modifications:
    - target: {fileID: 2501648274743404914, guid: 2a53eec5cea55ed4a941e5bdad2339a6,
        type: 3}
      propertyPath: m_LocalPosition.x
      value: -8.7
      objectReference: {fileID: 0}
    - target: {fileID: 2501648274743404914, guid: 2a53eec5cea55ed4a941e5bdad2339a6,
        type: 3}
      propertyPath: m_LocalPosition.y
      value: 0
      objectReference: {fileID: 0}
    - target: {fileID: 2501648274743404914, guid: 2a53eec5cea55ed4a941e5bdad2339a6,
        type: 3}
      propertyPath: m_LocalPosition.z
      value: 7.46
      objectReference: {fileID: 0}
    - target: {fileID: 2501648274743404914, guid: 2a53eec5cea55ed4a941e5bdad2339a6,
        type: 3}
      propertyPath: m_LocalRotation.x
      value: 0.5
      objectReference: {fileID: 0}
    - target: {fileID: 2501648274743404914, guid: 2a53eec5cea55ed4a941e5bdad2339a6,
        type: 3}
      propertyPath: m_LocalRotation.y
      value: 0.5
      objectReference: {fileID: 0}
    - target: {fileID: 2501648274743404914, guid: 2a53eec5cea55ed4a941e5bdad2339a6,
        type: 3}
      propertyPath: m_LocalRotation.z
      value: 0.5
      objectReference: {fileID: 0}
    - target: {fileID: 2501648274743404914, guid: 2a53eec5cea55ed4a941e5bdad2339a6,
        type: 3}
      propertyPath: m_LocalRotation.w
      value: -0.5
      objectReference: {fileID: 0}
    - target: {fileID: 2501648274743404914, guid: 2a53eec5cea55ed4a941e5bdad2339a6,
        type: 3}
      propertyPath: m_RootOrder
      value: 1
      objectReference: {fileID: 0}
    - target: {fileID: 2501648274743404914, guid: 2a53eec5cea55ed4a941e5bdad2339a6,
        type: 3}
      propertyPath: m_LocalEulerAnglesHint.x
      value: -90
      objectReference: {fileID: 0}
    - target: {fileID: 2501648274743404914, guid: 2a53eec5cea55ed4a941e5bdad2339a6,
        type: 3}
      propertyPath: m_LocalEulerAnglesHint.y
      value: 180
      objectReference: {fileID: 0}
    - target: {fileID: 2501648274743404914, guid: 2a53eec5cea55ed4a941e5bdad2339a6,
        type: 3}
      propertyPath: m_LocalEulerAnglesHint.z
      value: 90
      objectReference: {fileID: 0}
    - target: {fileID: 2501648274743404914, guid: 2a53eec5cea55ed4a941e5bdad2339a6,
        type: 3}
      propertyPath: m_LocalScale.x
      value: 100.00006
      objectReference: {fileID: 0}
    - target: {fileID: 2501648275621246493, guid: 2a53eec5cea55ed4a941e5bdad2339a6,
        type: 3}
      propertyPath: m_Name
      value: BedPrefab
      objectReference: {fileID: 0}
    m_RemovedComponents: []
  m_SourcePrefab: {fileID: 100100000, guid: 2a53eec5cea55ed4a941e5bdad2339a6, type: 3}
--- !u!1001 &380851590
PrefabInstance:
  m_ObjectHideFlags: 0
  serializedVersion: 2
  m_Modification:
    m_TransformParent: {fileID: 0}
    m_Modifications:
    - target: {fileID: 2537194035043653241, guid: 615b6557d8f1ec84080a924ad04fdc7f,
        type: 3}
      propertyPath: OnEnter.m_PersistentCalls.m_Calls.Array.data[0].m_Target
      value: 
      objectReference: {fileID: 953049744}
    - target: {fileID: 2537194035043653241, guid: 615b6557d8f1ec84080a924ad04fdc7f,
        type: 3}
      propertyPath: OnEnter.m_PersistentCalls.m_Calls.Array.data[0].m_MethodName
      value: WallDisabled
      objectReference: {fileID: 0}
    - target: {fileID: 2537194035043653241, guid: 615b6557d8f1ec84080a924ad04fdc7f,
        type: 3}
      propertyPath: OnStay.m_PersistentCalls.m_Calls.Array.data[0].m_Target
      value: 
      objectReference: {fileID: 953049744}
    - target: {fileID: 2537194035043653241, guid: 615b6557d8f1ec84080a924ad04fdc7f,
        type: 3}
      propertyPath: OnStay.m_PersistentCalls.m_Calls.Array.data[0].m_MethodName
      value: WallDisabled
      objectReference: {fileID: 0}
    - target: {fileID: 3542443021716504529, guid: 615b6557d8f1ec84080a924ad04fdc7f,
        type: 3}
      propertyPath: m_Size.x
      value: 0.8598749
      objectReference: {fileID: 0}
    - target: {fileID: 3542443021716504529, guid: 615b6557d8f1ec84080a924ad04fdc7f,
        type: 3}
      propertyPath: m_Center.x
      value: 0.14402007
      objectReference: {fileID: 0}
    - target: {fileID: 3542443021716504529, guid: 615b6557d8f1ec84080a924ad04fdc7f,
        type: 3}
      propertyPath: m_Center.y
      value: -0.000000004292133
      objectReference: {fileID: 0}
    - target: {fileID: 6117820614103938686, guid: 615b6557d8f1ec84080a924ad04fdc7f,
        type: 3}
      propertyPath: m_Name
      value: WallGroup
      objectReference: {fileID: 0}
    - target: {fileID: 6998883404505289778, guid: 615b6557d8f1ec84080a924ad04fdc7f,
        type: 3}
      propertyPath: m_LocalPosition.x
      value: -9.8428
      objectReference: {fileID: 0}
    - target: {fileID: 6998883404505289778, guid: 615b6557d8f1ec84080a924ad04fdc7f,
        type: 3}
      propertyPath: m_LocalPosition.y
      value: 12.437
      objectReference: {fileID: 0}
    - target: {fileID: 6998883404505289778, guid: 615b6557d8f1ec84080a924ad04fdc7f,
        type: 3}
      propertyPath: m_LocalPosition.z
      value: 1.7503
      objectReference: {fileID: 0}
    - target: {fileID: 6998883404505289778, guid: 615b6557d8f1ec84080a924ad04fdc7f,
        type: 3}
      propertyPath: m_LocalRotation.x
      value: 0
      objectReference: {fileID: 0}
    - target: {fileID: 6998883404505289778, guid: 615b6557d8f1ec84080a924ad04fdc7f,
        type: 3}
      propertyPath: m_LocalRotation.y
      value: 0
      objectReference: {fileID: 0}
    - target: {fileID: 6998883404505289778, guid: 615b6557d8f1ec84080a924ad04fdc7f,
        type: 3}
      propertyPath: m_LocalRotation.z
      value: 0
      objectReference: {fileID: 0}
    - target: {fileID: 6998883404505289778, guid: 615b6557d8f1ec84080a924ad04fdc7f,
        type: 3}
      propertyPath: m_LocalRotation.w
      value: 1
      objectReference: {fileID: 0}
    - target: {fileID: 6998883404505289778, guid: 615b6557d8f1ec84080a924ad04fdc7f,
        type: 3}
      propertyPath: m_RootOrder
      value: 8
      objectReference: {fileID: 0}
    - target: {fileID: 6998883404505289778, guid: 615b6557d8f1ec84080a924ad04fdc7f,
        type: 3}
      propertyPath: m_LocalEulerAnglesHint.x
      value: 0
      objectReference: {fileID: 0}
    - target: {fileID: 6998883404505289778, guid: 615b6557d8f1ec84080a924ad04fdc7f,
        type: 3}
      propertyPath: m_LocalEulerAnglesHint.y
      value: 0
      objectReference: {fileID: 0}
    - target: {fileID: 6998883404505289778, guid: 615b6557d8f1ec84080a924ad04fdc7f,
        type: 3}
      propertyPath: m_LocalEulerAnglesHint.z
      value: 0
      objectReference: {fileID: 0}
    - target: {fileID: 7640618245300859076, guid: 615b6557d8f1ec84080a924ad04fdc7f,
        type: 3}
      propertyPath: m_Size.x
      value: 0.6033018
      objectReference: {fileID: 0}
    - target: {fileID: 7640618245300859076, guid: 615b6557d8f1ec84080a924ad04fdc7f,
        type: 3}
      propertyPath: m_Center.x
      value: -0.8083496
      objectReference: {fileID: 0}
    - target: {fileID: 7640618245300859076, guid: 615b6557d8f1ec84080a924ad04fdc7f,
        type: 3}
      propertyPath: m_Center.y
      value: 0.000000024090697
      objectReference: {fileID: 0}
    m_RemovedComponents: []
  m_SourcePrefab: {fileID: 100100000, guid: 615b6557d8f1ec84080a924ad04fdc7f, type: 3}
--- !u!1 &410798887 stripped
GameObject:
  m_CorrespondingSourceObject: {fileID: 7341758571162266185, guid: 059812233e7328d49ad0c5e9b10c683d,
    type: 3}
  m_PrefabInstance: {fileID: 1884130798}
  m_PrefabAsset: {fileID: 0}
--- !u!65 &410798888
BoxCollider:
  m_ObjectHideFlags: 0
  m_CorrespondingSourceObject: {fileID: 0}
  m_PrefabInstance: {fileID: 0}
  m_PrefabAsset: {fileID: 0}
  m_GameObject: {fileID: 410798887}
  m_Material: {fileID: 0}
  m_IsTrigger: 0
  m_Enabled: 1
  serializedVersion: 2
  m_Size: {x: 0.034478076, y: 0.02246656, z: 0.020010069}
  m_Center: {x: -8.9935476e-10, y: -0.00006166509, z: 0.010005031}
--- !u!1001 &416217048
PrefabInstance:
  m_ObjectHideFlags: 0
  serializedVersion: 2
  m_Modification:
    m_TransformParent: {fileID: 1833830849}
    m_Modifications:
    - target: {fileID: 456701231911388082, guid: e622bf762797d944cb685ae28526e891,
        type: 3}
      propertyPath: m_LocalPosition.x
      value: 0
      objectReference: {fileID: 0}
    - target: {fileID: 456701231911388082, guid: e622bf762797d944cb685ae28526e891,
        type: 3}
      propertyPath: m_LocalPosition.y
      value: -0.0053
      objectReference: {fileID: 0}
    - target: {fileID: 456701231911388082, guid: e622bf762797d944cb685ae28526e891,
        type: 3}
      propertyPath: m_LocalPosition.z
      value: 0.0232
      objectReference: {fileID: 0}
    - target: {fileID: 456701231911388082, guid: e622bf762797d944cb685ae28526e891,
        type: 3}
      propertyPath: m_LocalRotation.x
      value: 0.5
      objectReference: {fileID: 0}
    - target: {fileID: 456701231911388082, guid: e622bf762797d944cb685ae28526e891,
        type: 3}
      propertyPath: m_LocalRotation.y
      value: 0.5
      objectReference: {fileID: 0}
    - target: {fileID: 456701231911388082, guid: e622bf762797d944cb685ae28526e891,
        type: 3}
      propertyPath: m_LocalRotation.z
      value: -0.5
      objectReference: {fileID: 0}
    - target: {fileID: 456701231911388082, guid: e622bf762797d944cb685ae28526e891,
        type: 3}
      propertyPath: m_LocalRotation.w
      value: 0.5
      objectReference: {fileID: 0}
    - target: {fileID: 456701231911388082, guid: e622bf762797d944cb685ae28526e891,
        type: 3}
      propertyPath: m_RootOrder
      value: 3
      objectReference: {fileID: 0}
    - target: {fileID: 456701231911388082, guid: e622bf762797d944cb685ae28526e891,
        type: 3}
      propertyPath: m_LocalEulerAnglesHint.x
      value: 90
      objectReference: {fileID: 0}
    - target: {fileID: 456701231911388082, guid: e622bf762797d944cb685ae28526e891,
        type: 3}
      propertyPath: m_LocalEulerAnglesHint.y
      value: 90
      objectReference: {fileID: 0}
    - target: {fileID: 456701231911388082, guid: e622bf762797d944cb685ae28526e891,
        type: 3}
      propertyPath: m_LocalEulerAnglesHint.z
      value: 0
      objectReference: {fileID: 0}
    - target: {fileID: 456701231911388082, guid: e622bf762797d944cb685ae28526e891,
        type: 3}
      propertyPath: m_LocalScale.x
      value: 1
      objectReference: {fileID: 0}
    - target: {fileID: 456701231911388082, guid: e622bf762797d944cb685ae28526e891,
        type: 3}
      propertyPath: m_LocalScale.y
      value: 1
      objectReference: {fileID: 0}
    - target: {fileID: 456701231911388082, guid: e622bf762797d944cb685ae28526e891,
        type: 3}
      propertyPath: m_LocalScale.z
      value: 1
      objectReference: {fileID: 0}
    - target: {fileID: 3462668334805889441, guid: e622bf762797d944cb685ae28526e891,
        type: 3}
      propertyPath: m_Name
      value: clock
      objectReference: {fileID: 0}
    m_RemovedComponents: []
  m_SourcePrefab: {fileID: 100100000, guid: e622bf762797d944cb685ae28526e891, type: 3}
--- !u!4 &435581912 stripped
Transform:
  m_CorrespondingSourceObject: {fileID: 2501648274743404914, guid: 2a53eec5cea55ed4a941e5bdad2339a6,
    type: 3}
  m_PrefabInstance: {fileID: 357945677}
  m_PrefabAsset: {fileID: 0}
--- !u!1001 &599446693
PrefabInstance:
  m_ObjectHideFlags: 0
  serializedVersion: 2
  m_Modification:
    m_TransformParent: {fileID: 0}
    m_Modifications:
    - target: {fileID: 4669370384933962476, guid: d74b5f757b6fe224db2aaea856c2f512,
        type: 3}
      propertyPath: m_Name
      value: floor
      objectReference: {fileID: 0}
    - target: {fileID: 8545499447711314175, guid: d74b5f757b6fe224db2aaea856c2f512,
        type: 3}
      propertyPath: m_LocalPosition.x
      value: -0.000026703
      objectReference: {fileID: 0}
    - target: {fileID: 8545499447711314175, guid: d74b5f757b6fe224db2aaea856c2f512,
        type: 3}
      propertyPath: m_LocalPosition.y
      value: -0.00047874
      objectReference: {fileID: 0}
    - target: {fileID: 8545499447711314175, guid: d74b5f757b6fe224db2aaea856c2f512,
        type: 3}
      propertyPath: m_LocalPosition.z
      value: 0.00030041
      objectReference: {fileID: 0}
    - target: {fileID: 8545499447711314175, guid: d74b5f757b6fe224db2aaea856c2f512,
        type: 3}
      propertyPath: m_LocalRotation.x
      value: -0.7071068
      objectReference: {fileID: 0}
    - target: {fileID: 8545499447711314175, guid: d74b5f757b6fe224db2aaea856c2f512,
        type: 3}
      propertyPath: m_LocalRotation.y
      value: 0
      objectReference: {fileID: 0}
    - target: {fileID: 8545499447711314175, guid: d74b5f757b6fe224db2aaea856c2f512,
        type: 3}
      propertyPath: m_LocalRotation.z
      value: -0
      objectReference: {fileID: 0}
    - target: {fileID: 8545499447711314175, guid: d74b5f757b6fe224db2aaea856c2f512,
        type: 3}
      propertyPath: m_LocalRotation.w
      value: 0.7071067
      objectReference: {fileID: 0}
    - target: {fileID: 8545499447711314175, guid: d74b5f757b6fe224db2aaea856c2f512,
        type: 3}
      propertyPath: m_RootOrder
      value: 6
      objectReference: {fileID: 0}
    - target: {fileID: 8545499447711314175, guid: d74b5f757b6fe224db2aaea856c2f512,
        type: 3}
      propertyPath: m_LocalEulerAnglesHint.x
      value: 0
      objectReference: {fileID: 0}
    - target: {fileID: 8545499447711314175, guid: d74b5f757b6fe224db2aaea856c2f512,
        type: 3}
      propertyPath: m_LocalEulerAnglesHint.y
      value: 0
      objectReference: {fileID: 0}
    - target: {fileID: 8545499447711314175, guid: d74b5f757b6fe224db2aaea856c2f512,
        type: 3}
      propertyPath: m_LocalEulerAnglesHint.z
      value: 0
      objectReference: {fileID: 0}
    m_RemovedComponents: []
  m_SourcePrefab: {fileID: 100100000, guid: d74b5f757b6fe224db2aaea856c2f512, type: 3}
--- !u!1 &734468244
GameObject:
  m_ObjectHideFlags: 0
  m_CorrespondingSourceObject: {fileID: 0}
  m_PrefabInstance: {fileID: 0}
  m_PrefabAsset: {fileID: 0}
  serializedVersion: 6
  m_Component:
  - component: {fileID: 734468247}
  - component: {fileID: 734468246}
  - component: {fileID: 734468245}
  m_Layer: 0
  m_Name: EventSystem
  m_TagString: Untagged
  m_Icon: {fileID: 0}
  m_NavMeshLayer: 0
  m_StaticEditorFlags: 0
  m_IsActive: 1
--- !u!114 &734468245
MonoBehaviour:
  m_ObjectHideFlags: 0
  m_CorrespondingSourceObject: {fileID: 0}
  m_PrefabInstance: {fileID: 0}
  m_PrefabAsset: {fileID: 0}
  m_GameObject: {fileID: 734468244}
  m_Enabled: 1
  m_EditorHideFlags: 0
  m_Script: {fileID: 11500000, guid: 4f231c4fb786f3946a6b90b886c48677, type: 3}
  m_Name: 
  m_EditorClassIdentifier: 
  m_HorizontalAxis: Horizontal
  m_VerticalAxis: Vertical
  m_SubmitButton: Submit
  m_CancelButton: Cancel
  m_InputActionsPerSecond: 10
  m_RepeatDelay: 0.5
  m_ForceModuleActive: 0
--- !u!114 &734468246
MonoBehaviour:
  m_ObjectHideFlags: 0
  m_CorrespondingSourceObject: {fileID: 0}
  m_PrefabInstance: {fileID: 0}
  m_PrefabAsset: {fileID: 0}
  m_GameObject: {fileID: 734468244}
  m_Enabled: 1
  m_EditorHideFlags: 0
  m_Script: {fileID: 11500000, guid: 76c392e42b5098c458856cdf6ecaaaa1, type: 3}
  m_Name: 
  m_EditorClassIdentifier: 
  m_FirstSelected: {fileID: 0}
  m_sendNavigationEvents: 1
  m_DragThreshold: 10
--- !u!4 &734468247
Transform:
  m_ObjectHideFlags: 0
  m_CorrespondingSourceObject: {fileID: 0}
  m_PrefabInstance: {fileID: 0}
  m_PrefabAsset: {fileID: 0}
  m_GameObject: {fileID: 734468244}
  m_LocalRotation: {x: 0, y: 0, z: 0, w: 1}
  m_LocalPosition: {x: 0, y: 0, z: 0}
  m_LocalScale: {x: 1, y: 1, z: 1}
  m_Children: []
  m_Father: {fileID: 0}
  m_RootOrder: 13
  m_LocalEulerAnglesHint: {x: 0, y: 0, z: 0}
--- !u!1001 &790252085
PrefabInstance:
  m_ObjectHideFlags: 0
  serializedVersion: 2
  m_Modification:
    m_TransformParent: {fileID: 0}
    m_Modifications:
    - target: {fileID: 4519541146279962617, guid: e10181ec915b1864d930872734d88b59,
        type: 3}
      propertyPath: m_LocalPosition.x
      value: 0
      objectReference: {fileID: 0}
    - target: {fileID: 4519541146279962617, guid: e10181ec915b1864d930872734d88b59,
        type: 3}
      propertyPath: m_LocalPosition.y
      value: 0
      objectReference: {fileID: 0}
    - target: {fileID: 4519541146279962617, guid: e10181ec915b1864d930872734d88b59,
        type: 3}
      propertyPath: m_LocalPosition.z
      value: 0
      objectReference: {fileID: 0}
    - target: {fileID: 4519541146279962617, guid: e10181ec915b1864d930872734d88b59,
        type: 3}
      propertyPath: m_LocalRotation.x
      value: 0
      objectReference: {fileID: 0}
    - target: {fileID: 4519541146279962617, guid: e10181ec915b1864d930872734d88b59,
        type: 3}
      propertyPath: m_LocalRotation.y
      value: 0
      objectReference: {fileID: 0}
    - target: {fileID: 4519541146279962617, guid: e10181ec915b1864d930872734d88b59,
        type: 3}
      propertyPath: m_LocalRotation.z
      value: 0
      objectReference: {fileID: 0}
    - target: {fileID: 4519541146279962617, guid: e10181ec915b1864d930872734d88b59,
        type: 3}
      propertyPath: m_LocalRotation.w
      value: 1
      objectReference: {fileID: 0}
    - target: {fileID: 4519541146279962617, guid: e10181ec915b1864d930872734d88b59,
        type: 3}
      propertyPath: m_RootOrder
      value: 10
      objectReference: {fileID: 0}
    - target: {fileID: 4519541146279962617, guid: e10181ec915b1864d930872734d88b59,
        type: 3}
      propertyPath: m_LocalEulerAnglesHint.x
      value: 0
      objectReference: {fileID: 0}
    - target: {fileID: 4519541146279962617, guid: e10181ec915b1864d930872734d88b59,
        type: 3}
      propertyPath: m_LocalEulerAnglesHint.y
      value: 0
      objectReference: {fileID: 0}
    - target: {fileID: 4519541146279962617, guid: e10181ec915b1864d930872734d88b59,
        type: 3}
      propertyPath: m_LocalEulerAnglesHint.z
      value: 0
      objectReference: {fileID: 0}
    - target: {fileID: 4519541146279962622, guid: e10181ec915b1864d930872734d88b59,
        type: 3}
      propertyPath: m_Name
      value: Throw Machine
      objectReference: {fileID: 0}
    - target: {fileID: 4830961529200638862, guid: e10181ec915b1864d930872734d88b59,
        type: 3}
      propertyPath: stoneAmount
      value: 3
      objectReference: {fileID: 0}
    - target: {fileID: 4830961529200638862, guid: e10181ec915b1864d930872734d88b59,
        type: 3}
      propertyPath: maxForce
      value: 650
      objectReference: {fileID: 0}
    m_RemovedComponents: []
  m_SourcePrefab: {fileID: 100100000, guid: e10181ec915b1864d930872734d88b59, type: 3}
--- !u!1001 &796612385
PrefabInstance:
  m_ObjectHideFlags: 0
  serializedVersion: 2
  m_Modification:
    m_TransformParent: {fileID: 0}
    m_Modifications:
    - target: {fileID: 4919918841772766201, guid: cc2cce5e684fc39469567938844a585b,
        type: 3}
      propertyPath: m_Name
      value: bomb (3)
      objectReference: {fileID: 0}
    - target: {fileID: 8222528135632716266, guid: cc2cce5e684fc39469567938844a585b,
        type: 3}
      propertyPath: m_LocalPosition.x
      value: -4.07
      objectReference: {fileID: 0}
    - target: {fileID: 8222528135632716266, guid: cc2cce5e684fc39469567938844a585b,
        type: 3}
      propertyPath: m_LocalPosition.y
      value: -0.0004758215
      objectReference: {fileID: 0}
    - target: {fileID: 8222528135632716266, guid: cc2cce5e684fc39469567938844a585b,
        type: 3}
      propertyPath: m_LocalPosition.z
      value: 5.1
      objectReference: {fileID: 0}
    - target: {fileID: 8222528135632716266, guid: cc2cce5e684fc39469567938844a585b,
        type: 3}
      propertyPath: m_LocalRotation.x
      value: -0.7071068
      objectReference: {fileID: 0}
    - target: {fileID: 8222528135632716266, guid: cc2cce5e684fc39469567938844a585b,
        type: 3}
      propertyPath: m_LocalRotation.y
      value: 0
      objectReference: {fileID: 0}
    - target: {fileID: 8222528135632716266, guid: cc2cce5e684fc39469567938844a585b,
        type: 3}
      propertyPath: m_LocalRotation.z
      value: -0
      objectReference: {fileID: 0}
    - target: {fileID: 8222528135632716266, guid: cc2cce5e684fc39469567938844a585b,
        type: 3}
      propertyPath: m_LocalRotation.w
      value: 0.7071067
      objectReference: {fileID: 0}
    - target: {fileID: 8222528135632716266, guid: cc2cce5e684fc39469567938844a585b,
        type: 3}
      propertyPath: m_RootOrder
      value: 12
      objectReference: {fileID: 0}
    - target: {fileID: 8222528135632716266, guid: cc2cce5e684fc39469567938844a585b,
        type: 3}
      propertyPath: m_LocalEulerAnglesHint.x
      value: 0
      objectReference: {fileID: 0}
    - target: {fileID: 8222528135632716266, guid: cc2cce5e684fc39469567938844a585b,
        type: 3}
      propertyPath: m_LocalEulerAnglesHint.y
      value: 0
      objectReference: {fileID: 0}
    - target: {fileID: 8222528135632716266, guid: cc2cce5e684fc39469567938844a585b,
        type: 3}
      propertyPath: m_LocalEulerAnglesHint.z
      value: 0
      objectReference: {fileID: 0}
    m_RemovedComponents: []
  m_SourcePrefab: {fileID: 100100000, guid: cc2cce5e684fc39469567938844a585b, type: 3}
--- !u!1001 &797062362
PrefabInstance:
  m_ObjectHideFlags: 0
  serializedVersion: 2
  m_Modification:
    m_TransformParent: {fileID: 0}
    m_Modifications:
    - target: {fileID: 5463141001694896930, guid: 5bdc8db5d963bd245bda27e214d8c9e6,
        type: 3}
      propertyPath: m_Name
      value: pot_01
      objectReference: {fileID: 0}
    - target: {fileID: 9046500280580149553, guid: 5bdc8db5d963bd245bda27e214d8c9e6,
        type: 3}
      propertyPath: m_LocalPosition.x
      value: -12.068924
      objectReference: {fileID: 0}
    - target: {fileID: 9046500280580149553, guid: 5bdc8db5d963bd245bda27e214d8c9e6,
        type: 3}
      propertyPath: m_LocalPosition.y
      value: 2.0010078
      objectReference: {fileID: 0}
    - target: {fileID: 9046500280580149553, guid: 5bdc8db5d963bd245bda27e214d8c9e6,
        type: 3}
      propertyPath: m_LocalPosition.z
      value: 9.596573
      objectReference: {fileID: 0}
    - target: {fileID: 9046500280580149553, guid: 5bdc8db5d963bd245bda27e214d8c9e6,
        type: 3}
      propertyPath: m_LocalRotation.x
      value: -0.7071068
      objectReference: {fileID: 0}
    - target: {fileID: 9046500280580149553, guid: 5bdc8db5d963bd245bda27e214d8c9e6,
        type: 3}
      propertyPath: m_LocalRotation.y
      value: 0
      objectReference: {fileID: 0}
    - target: {fileID: 9046500280580149553, guid: 5bdc8db5d963bd245bda27e214d8c9e6,
        type: 3}
      propertyPath: m_LocalRotation.z
      value: -0
      objectReference: {fileID: 0}
    - target: {fileID: 9046500280580149553, guid: 5bdc8db5d963bd245bda27e214d8c9e6,
        type: 3}
      propertyPath: m_LocalRotation.w
      value: 0.7071067
      objectReference: {fileID: 0}
    - target: {fileID: 9046500280580149553, guid: 5bdc8db5d963bd245bda27e214d8c9e6,
        type: 3}
      propertyPath: m_RootOrder
      value: 3
      objectReference: {fileID: 0}
    - target: {fileID: 9046500280580149553, guid: 5bdc8db5d963bd245bda27e214d8c9e6,
        type: 3}
      propertyPath: m_LocalEulerAnglesHint.x
      value: 0
      objectReference: {fileID: 0}
    - target: {fileID: 9046500280580149553, guid: 5bdc8db5d963bd245bda27e214d8c9e6,
        type: 3}
      propertyPath: m_LocalEulerAnglesHint.y
      value: 0
      objectReference: {fileID: 0}
    - target: {fileID: 9046500280580149553, guid: 5bdc8db5d963bd245bda27e214d8c9e6,
        type: 3}
      propertyPath: m_LocalEulerAnglesHint.z
      value: 0
      objectReference: {fileID: 0}
    m_RemovedComponents: []
  m_SourcePrefab: {fileID: 100100000, guid: 5bdc8db5d963bd245bda27e214d8c9e6, type: 3}
--- !u!1001 &866262118
PrefabInstance:
  m_ObjectHideFlags: 0
  serializedVersion: 2
  m_Modification:
    m_TransformParent: {fileID: 2077196589}
    m_Modifications:
    - target: {fileID: 2164084121225678351, guid: cee21ff2225f62042be8e5e4041ea4f9,
        type: 3}
      propertyPath: m_LocalPosition.x
      value: 0.0052514123
      objectReference: {fileID: 0}
    - target: {fileID: 2164084121225678351, guid: cee21ff2225f62042be8e5e4041ea4f9,
        type: 3}
      propertyPath: m_LocalPosition.y
      value: -0.009712464
      objectReference: {fileID: 0}
    - target: {fileID: 2164084121225678351, guid: cee21ff2225f62042be8e5e4041ea4f9,
        type: 3}
      propertyPath: m_LocalPosition.z
      value: 0.008506384
      objectReference: {fileID: 0}
    - target: {fileID: 2164084121225678351, guid: cee21ff2225f62042be8e5e4041ea4f9,
        type: 3}
      propertyPath: m_LocalRotation.x
      value: -0.17194448
      objectReference: {fileID: 0}
    - target: {fileID: 2164084121225678351, guid: cee21ff2225f62042be8e5e4041ea4f9,
        type: 3}
      propertyPath: m_LocalRotation.y
      value: 0.1719447
      objectReference: {fileID: 0}
    - target: {fileID: 2164084121225678351, guid: cee21ff2225f62042be8e5e4041ea4f9,
        type: 3}
      propertyPath: m_LocalRotation.z
      value: 0.6858828
      objectReference: {fileID: 0}
    - target: {fileID: 2164084121225678351, guid: cee21ff2225f62042be8e5e4041ea4f9,
        type: 3}
      propertyPath: m_LocalRotation.w
      value: 0.6858826
      objectReference: {fileID: 0}
    - target: {fileID: 2164084121225678351, guid: cee21ff2225f62042be8e5e4041ea4f9,
        type: 3}
      propertyPath: m_RootOrder
      value: 1
      objectReference: {fileID: 0}
    - target: {fileID: 2164084121225678351, guid: cee21ff2225f62042be8e5e4041ea4f9,
        type: 3}
      propertyPath: m_LocalEulerAnglesHint.x
      value: -61.873
      objectReference: {fileID: 0}
    - target: {fileID: 2164084121225678351, guid: cee21ff2225f62042be8e5e4041ea4f9,
        type: 3}
      propertyPath: m_LocalEulerAnglesHint.y
      value: 90.00001
      objectReference: {fileID: 0}
    - target: {fileID: 2164084121225678351, guid: cee21ff2225f62042be8e5e4041ea4f9,
        type: 3}
      propertyPath: m_LocalEulerAnglesHint.z
      value: -90.00001
      objectReference: {fileID: 0}
    - target: {fileID: 2164084121225678351, guid: cee21ff2225f62042be8e5e4041ea4f9,
        type: 3}
      propertyPath: m_LocalScale.x
      value: 0.10598064
      objectReference: {fileID: 0}
    - target: {fileID: 2164084121225678351, guid: cee21ff2225f62042be8e5e4041ea4f9,
        type: 3}
      propertyPath: m_LocalScale.y
      value: 0.3338347
      objectReference: {fileID: 0}
    - target: {fileID: 2164084121225678351, guid: cee21ff2225f62042be8e5e4041ea4f9,
        type: 3}
      propertyPath: m_LocalScale.z
      value: 0.4205729
      objectReference: {fileID: 0}
    - target: {fileID: 2905673684438924316, guid: cee21ff2225f62042be8e5e4041ea4f9,
        type: 3}
      propertyPath: m_Name
      value: book-green
      objectReference: {fileID: 0}
    m_RemovedComponents: []
  m_SourcePrefab: {fileID: 100100000, guid: cee21ff2225f62042be8e5e4041ea4f9, type: 3}
--- !u!114 &953049744 stripped
MonoBehaviour:
  m_CorrespondingSourceObject: {fileID: 7415653466113207592, guid: 615b6557d8f1ec84080a924ad04fdc7f,
    type: 3}
  m_PrefabInstance: {fileID: 380851590}
  m_PrefabAsset: {fileID: 0}
  m_GameObject: {fileID: 0}
  m_Enabled: 1
  m_EditorHideFlags: 0
  m_Script: {fileID: 11500000, guid: 8530f00fa1099054c924358dc6d4b397, type: 3}
  m_Name: 
  m_EditorClassIdentifier: 
--- !u!1001 &1007712639
PrefabInstance:
  m_ObjectHideFlags: 0
  serializedVersion: 2
  m_Modification:
    m_TransformParent: {fileID: 0}
    m_Modifications:
    - target: {fileID: 6575076082621081995, guid: 614f9f78fdc33c2429b24b1c7c2e1c6c,
        type: 3}
      propertyPath: m_Name
      value: GameplayCanvas
      objectReference: {fileID: 0}
    - target: {fileID: 6575076082621081999, guid: 614f9f78fdc33c2429b24b1c7c2e1c6c,
        type: 3}
      propertyPath: m_LocalPosition.x
      value: 0
      objectReference: {fileID: 0}
    - target: {fileID: 6575076082621081999, guid: 614f9f78fdc33c2429b24b1c7c2e1c6c,
        type: 3}
      propertyPath: m_LocalPosition.y
      value: 0
      objectReference: {fileID: 0}
    - target: {fileID: 6575076082621081999, guid: 614f9f78fdc33c2429b24b1c7c2e1c6c,
        type: 3}
      propertyPath: m_LocalPosition.z
      value: 0
      objectReference: {fileID: 0}
    - target: {fileID: 6575076082621081999, guid: 614f9f78fdc33c2429b24b1c7c2e1c6c,
        type: 3}
      propertyPath: m_LocalRotation.x
      value: 0
      objectReference: {fileID: 0}
    - target: {fileID: 6575076082621081999, guid: 614f9f78fdc33c2429b24b1c7c2e1c6c,
        type: 3}
      propertyPath: m_LocalRotation.y
      value: 0
      objectReference: {fileID: 0}
    - target: {fileID: 6575076082621081999, guid: 614f9f78fdc33c2429b24b1c7c2e1c6c,
        type: 3}
      propertyPath: m_LocalRotation.z
      value: 0
      objectReference: {fileID: 0}
    - target: {fileID: 6575076082621081999, guid: 614f9f78fdc33c2429b24b1c7c2e1c6c,
        type: 3}
      propertyPath: m_LocalRotation.w
      value: 1
      objectReference: {fileID: 0}
    - target: {fileID: 6575076082621081999, guid: 614f9f78fdc33c2429b24b1c7c2e1c6c,
        type: 3}
      propertyPath: m_RootOrder
      value: 19
      objectReference: {fileID: 0}
    - target: {fileID: 6575076082621081999, guid: 614f9f78fdc33c2429b24b1c7c2e1c6c,
        type: 3}
      propertyPath: m_LocalEulerAnglesHint.x
      value: 0
      objectReference: {fileID: 0}
    - target: {fileID: 6575076082621081999, guid: 614f9f78fdc33c2429b24b1c7c2e1c6c,
        type: 3}
      propertyPath: m_LocalEulerAnglesHint.y
      value: 0
      objectReference: {fileID: 0}
    - target: {fileID: 6575076082621081999, guid: 614f9f78fdc33c2429b24b1c7c2e1c6c,
        type: 3}
      propertyPath: m_LocalEulerAnglesHint.z
      value: 0
      objectReference: {fileID: 0}
    - target: {fileID: 6575076082621081999, guid: 614f9f78fdc33c2429b24b1c7c2e1c6c,
        type: 3}
      propertyPath: m_AnchoredPosition.x
      value: 0
      objectReference: {fileID: 0}
    - target: {fileID: 6575076082621081999, guid: 614f9f78fdc33c2429b24b1c7c2e1c6c,
        type: 3}
      propertyPath: m_AnchoredPosition.y
      value: 0
      objectReference: {fileID: 0}
    - target: {fileID: 6575076082621081999, guid: 614f9f78fdc33c2429b24b1c7c2e1c6c,
        type: 3}
      propertyPath: m_SizeDelta.x
      value: 0
      objectReference: {fileID: 0}
    - target: {fileID: 6575076082621081999, guid: 614f9f78fdc33c2429b24b1c7c2e1c6c,
        type: 3}
      propertyPath: m_SizeDelta.y
      value: 0
      objectReference: {fileID: 0}
    - target: {fileID: 6575076082621081999, guid: 614f9f78fdc33c2429b24b1c7c2e1c6c,
        type: 3}
      propertyPath: m_AnchorMin.x
      value: 0
      objectReference: {fileID: 0}
    - target: {fileID: 6575076082621081999, guid: 614f9f78fdc33c2429b24b1c7c2e1c6c,
        type: 3}
      propertyPath: m_AnchorMin.y
      value: 0
      objectReference: {fileID: 0}
    - target: {fileID: 6575076082621081999, guid: 614f9f78fdc33c2429b24b1c7c2e1c6c,
        type: 3}
      propertyPath: m_AnchorMax.x
      value: 0
      objectReference: {fileID: 0}
    - target: {fileID: 6575076082621081999, guid: 614f9f78fdc33c2429b24b1c7c2e1c6c,
        type: 3}
      propertyPath: m_AnchorMax.y
      value: 0
      objectReference: {fileID: 0}
    - target: {fileID: 6575076082621081999, guid: 614f9f78fdc33c2429b24b1c7c2e1c6c,
        type: 3}
      propertyPath: m_Pivot.x
      value: 0
      objectReference: {fileID: 0}
    - target: {fileID: 6575076082621081999, guid: 614f9f78fdc33c2429b24b1c7c2e1c6c,
        type: 3}
      propertyPath: m_Pivot.y
      value: 0
      objectReference: {fileID: 0}
    m_RemovedComponents: []
  m_SourcePrefab: {fileID: 100100000, guid: 614f9f78fdc33c2429b24b1c7c2e1c6c, type: 3}
--- !u!1 &1021537788
GameObject:
  m_ObjectHideFlags: 0
  m_CorrespondingSourceObject: {fileID: 0}
  m_PrefabInstance: {fileID: 0}
  m_PrefabAsset: {fileID: 0}
  serializedVersion: 6
  m_Component:
  - component: {fileID: 1021537790}
  - component: {fileID: 1021537789}
  m_Layer: 0
  m_Name: Directional Light
  m_TagString: Untagged
  m_Icon: {fileID: 0}
  m_NavMeshLayer: 0
  m_StaticEditorFlags: 0
  m_IsActive: 1
--- !u!108 &1021537789
Light:
  m_ObjectHideFlags: 0
  m_CorrespondingSourceObject: {fileID: 0}
  m_PrefabInstance: {fileID: 0}
  m_PrefabAsset: {fileID: 0}
  m_GameObject: {fileID: 1021537788}
  m_Enabled: 1
  serializedVersion: 10
  m_Type: 1
  m_Shape: 0
  m_Color: {r: 1, g: 0.95686275, b: 0.8392157, a: 1}
  m_Intensity: 1
  m_Range: 10
  m_SpotAngle: 30
  m_InnerSpotAngle: 21.80208
  m_CookieSize: 10
  m_Shadows:
    m_Type: 2
    m_Resolution: -1
    m_CustomResolution: -1
    m_Strength: 1
    m_Bias: 0.05
    m_NormalBias: 0.4
    m_NearPlane: 0.2
    m_CullingMatrixOverride:
      e00: 1
      e01: 0
      e02: 0
      e03: 0
      e10: 0
      e11: 1
      e12: 0
      e13: 0
      e20: 0
      e21: 0
      e22: 1
      e23: 0
      e30: 0
      e31: 0
      e32: 0
      e33: 1
    m_UseCullingMatrixOverride: 0
  m_Cookie: {fileID: 0}
  m_DrawHalo: 0
  m_Flare: {fileID: 0}
  m_RenderMode: 0
  m_CullingMask:
    serializedVersion: 2
    m_Bits: 4294967295
  m_RenderingLayerMask: 1
  m_Lightmapping: 4
  m_LightShadowCasterMode: 0
  m_AreaSize: {x: 1, y: 1}
  m_BounceIntensity: 1
  m_ColorTemperature: 6570
  m_UseColorTemperature: 0
  m_BoundingSphereOverride: {x: 0, y: 0, z: 0, w: 0}
  m_UseBoundingSphereOverride: 0
  m_ShadowRadius: 0
  m_ShadowAngle: 0
--- !u!4 &1021537790
Transform:
  m_ObjectHideFlags: 0
  m_CorrespondingSourceObject: {fileID: 0}
  m_PrefabInstance: {fileID: 0}
  m_PrefabAsset: {fileID: 0}
  m_GameObject: {fileID: 1021537788}
  m_LocalRotation: {x: 0.4082179, y: -0.23456968, z: 0.109381676, w: 0.8754261}
  m_LocalPosition: {x: 0, y: 3, z: 0}
  m_LocalScale: {x: 1, y: 1, z: 1}
  m_Children: []
  m_Father: {fileID: 0}
  m_RootOrder: 0
  m_LocalEulerAnglesHint: {x: 50, y: -30, z: 0}
--- !u!4 &1029995775 stripped
Transform:
  m_CorrespondingSourceObject: {fileID: 4400223456553587553, guid: 615b6557d8f1ec84080a924ad04fdc7f,
    type: 3}
  m_PrefabInstance: {fileID: 380851590}
  m_PrefabAsset: {fileID: 0}
--- !u!1001 &1048948028
PrefabInstance:
  m_ObjectHideFlags: 0
  serializedVersion: 2
  m_Modification:
    m_TransformParent: {fileID: 0}
    m_Modifications:
    - target: {fileID: 4919918841772766201, guid: cc2cce5e684fc39469567938844a585b,
        type: 3}
      propertyPath: m_Name
      value: bomb (6)
      objectReference: {fileID: 0}
    - target: {fileID: 8222528135632716266, guid: cc2cce5e684fc39469567938844a585b,
        type: 3}
      propertyPath: m_LocalPosition.x
      value: -8.82
      objectReference: {fileID: 0}
    - target: {fileID: 8222528135632716266, guid: cc2cce5e684fc39469567938844a585b,
        type: 3}
      propertyPath: m_LocalPosition.y
      value: -0.0004758215
      objectReference: {fileID: 0}
    - target: {fileID: 8222528135632716266, guid: cc2cce5e684fc39469567938844a585b,
        type: 3}
      propertyPath: m_LocalPosition.z
      value: 3.85
      objectReference: {fileID: 0}
    - target: {fileID: 8222528135632716266, guid: cc2cce5e684fc39469567938844a585b,
        type: 3}
      propertyPath: m_LocalRotation.x
      value: -0.7071068
      objectReference: {fileID: 0}
    - target: {fileID: 8222528135632716266, guid: cc2cce5e684fc39469567938844a585b,
        type: 3}
      propertyPath: m_LocalRotation.y
      value: 0
      objectReference: {fileID: 0}
    - target: {fileID: 8222528135632716266, guid: cc2cce5e684fc39469567938844a585b,
        type: 3}
      propertyPath: m_LocalRotation.z
      value: -0
      objectReference: {fileID: 0}
    - target: {fileID: 8222528135632716266, guid: cc2cce5e684fc39469567938844a585b,
        type: 3}
      propertyPath: m_LocalRotation.w
      value: 0.7071067
      objectReference: {fileID: 0}
    - target: {fileID: 8222528135632716266, guid: cc2cce5e684fc39469567938844a585b,
        type: 3}
      propertyPath: m_RootOrder
      value: 16
      objectReference: {fileID: 0}
    - target: {fileID: 8222528135632716266, guid: cc2cce5e684fc39469567938844a585b,
        type: 3}
      propertyPath: m_LocalEulerAnglesHint.x
      value: 0
      objectReference: {fileID: 0}
    - target: {fileID: 8222528135632716266, guid: cc2cce5e684fc39469567938844a585b,
        type: 3}
      propertyPath: m_LocalEulerAnglesHint.y
      value: 0
      objectReference: {fileID: 0}
    - target: {fileID: 8222528135632716266, guid: cc2cce5e684fc39469567938844a585b,
        type: 3}
      propertyPath: m_LocalEulerAnglesHint.z
      value: 0
      objectReference: {fileID: 0}
    m_RemovedComponents: []
  m_SourcePrefab: {fileID: 100100000, guid: cc2cce5e684fc39469567938844a585b, type: 3}
--- !u!1001 &1107186631
PrefabInstance:
  m_ObjectHideFlags: 0
  serializedVersion: 2
  m_Modification:
    m_TransformParent: {fileID: 0}
    m_Modifications:
    - target: {fileID: 4919918841772766201, guid: cc2cce5e684fc39469567938844a585b,
        type: 3}
      propertyPath: m_Name
      value: bomb (2)
      objectReference: {fileID: 0}
    - target: {fileID: 8222528135632716266, guid: cc2cce5e684fc39469567938844a585b,
        type: 3}
      propertyPath: m_LocalPosition.x
      value: -4.07
      objectReference: {fileID: 0}
    - target: {fileID: 8222528135632716266, guid: cc2cce5e684fc39469567938844a585b,
        type: 3}
      propertyPath: m_LocalPosition.y
      value: -0.0004758215
      objectReference: {fileID: 0}
    - target: {fileID: 8222528135632716266, guid: cc2cce5e684fc39469567938844a585b,
        type: 3}
      propertyPath: m_LocalPosition.z
      value: 7.6
      objectReference: {fileID: 0}
    - target: {fileID: 8222528135632716266, guid: cc2cce5e684fc39469567938844a585b,
        type: 3}
      propertyPath: m_LocalRotation.x
      value: -0.7071068
      objectReference: {fileID: 0}
    - target: {fileID: 8222528135632716266, guid: cc2cce5e684fc39469567938844a585b,
        type: 3}
      propertyPath: m_LocalRotation.y
      value: 0
      objectReference: {fileID: 0}
    - target: {fileID: 8222528135632716266, guid: cc2cce5e684fc39469567938844a585b,
        type: 3}
      propertyPath: m_LocalRotation.z
      value: -0
      objectReference: {fileID: 0}
    - target: {fileID: 8222528135632716266, guid: cc2cce5e684fc39469567938844a585b,
        type: 3}
      propertyPath: m_LocalRotation.w
      value: 0.7071067
      objectReference: {fileID: 0}
    - target: {fileID: 8222528135632716266, guid: cc2cce5e684fc39469567938844a585b,
        type: 3}
      propertyPath: m_RootOrder
      value: 11
      objectReference: {fileID: 0}
    - target: {fileID: 8222528135632716266, guid: cc2cce5e684fc39469567938844a585b,
        type: 3}
      propertyPath: m_LocalEulerAnglesHint.x
      value: 0
      objectReference: {fileID: 0}
    - target: {fileID: 8222528135632716266, guid: cc2cce5e684fc39469567938844a585b,
        type: 3}
      propertyPath: m_LocalEulerAnglesHint.y
      value: 0
      objectReference: {fileID: 0}
    - target: {fileID: 8222528135632716266, guid: cc2cce5e684fc39469567938844a585b,
        type: 3}
      propertyPath: m_LocalEulerAnglesHint.z
      value: 0
      objectReference: {fileID: 0}
    m_RemovedComponents: []
  m_SourcePrefab: {fileID: 100100000, guid: cc2cce5e684fc39469567938844a585b, type: 3}
--- !u!1001 &1361624187
PrefabInstance:
  m_ObjectHideFlags: 0
  serializedVersion: 2
  m_Modification:
    m_TransformParent: {fileID: 0}
    m_Modifications:
    - target: {fileID: 4919918841772766201, guid: cc2cce5e684fc39469567938844a585b,
        type: 3}
      propertyPath: m_Name
      value: bomb
      objectReference: {fileID: 0}
    - target: {fileID: 8222528135632716266, guid: cc2cce5e684fc39469567938844a585b,
        type: 3}
      propertyPath: m_LocalPosition.x
      value: -13.32
      objectReference: {fileID: 0}
    - target: {fileID: 8222528135632716266, guid: cc2cce5e684fc39469567938844a585b,
        type: 3}
      propertyPath: m_LocalPosition.y
      value: -0.0004758215
      objectReference: {fileID: 0}
    - target: {fileID: 8222528135632716266, guid: cc2cce5e684fc39469567938844a585b,
        type: 3}
      propertyPath: m_LocalPosition.z
      value: 7.6
      objectReference: {fileID: 0}
    - target: {fileID: 8222528135632716266, guid: cc2cce5e684fc39469567938844a585b,
        type: 3}
      propertyPath: m_LocalRotation.x
      value: -0.7071068
      objectReference: {fileID: 0}
    - target: {fileID: 8222528135632716266, guid: cc2cce5e684fc39469567938844a585b,
        type: 3}
      propertyPath: m_LocalRotation.y
      value: 0
      objectReference: {fileID: 0}
    - target: {fileID: 8222528135632716266, guid: cc2cce5e684fc39469567938844a585b,
        type: 3}
      propertyPath: m_LocalRotation.z
      value: -0
      objectReference: {fileID: 0}
    - target: {fileID: 8222528135632716266, guid: cc2cce5e684fc39469567938844a585b,
        type: 3}
      propertyPath: m_LocalRotation.w
      value: 0.7071067
      objectReference: {fileID: 0}
    - target: {fileID: 8222528135632716266, guid: cc2cce5e684fc39469567938844a585b,
        type: 3}
      propertyPath: m_RootOrder
      value: 4
      objectReference: {fileID: 0}
    - target: {fileID: 8222528135632716266, guid: cc2cce5e684fc39469567938844a585b,
        type: 3}
      propertyPath: m_LocalEulerAnglesHint.x
      value: 0
      objectReference: {fileID: 0}
    - target: {fileID: 8222528135632716266, guid: cc2cce5e684fc39469567938844a585b,
        type: 3}
      propertyPath: m_LocalEulerAnglesHint.y
      value: 0
      objectReference: {fileID: 0}
    - target: {fileID: 8222528135632716266, guid: cc2cce5e684fc39469567938844a585b,
        type: 3}
      propertyPath: m_LocalEulerAnglesHint.z
      value: 0
      objectReference: {fileID: 0}
    m_RemovedComponents: []
  m_SourcePrefab: {fileID: 100100000, guid: cc2cce5e684fc39469567938844a585b, type: 3}
--- !u!1001 &1443740467
PrefabInstance:
  m_ObjectHideFlags: 0
  serializedVersion: 2
  m_Modification:
    m_TransformParent: {fileID: 2077196589}
    m_Modifications:
    - target: {fileID: 955739432892471056, guid: f8c67d14e7004a045b1773854651e34e,
        type: 3}
      propertyPath: m_Name
      value: book-red
      objectReference: {fileID: 0}
    - target: {fileID: 4258204213067474179, guid: f8c67d14e7004a045b1773854651e34e,
        type: 3}
      propertyPath: m_LocalPosition.x
      value: -0.0040029953
      objectReference: {fileID: 0}
    - target: {fileID: 4258204213067474179, guid: f8c67d14e7004a045b1773854651e34e,
        type: 3}
      propertyPath: m_LocalPosition.y
      value: -0.007942304
      objectReference: {fileID: 0}
    - target: {fileID: 4258204213067474179, guid: f8c67d14e7004a045b1773854651e34e,
        type: 3}
      propertyPath: m_LocalPosition.z
      value: 0.008965766
      objectReference: {fileID: 0}
    - target: {fileID: 4258204213067474179, guid: f8c67d14e7004a045b1773854651e34e,
        type: 3}
      propertyPath: m_LocalRotation.x
      value: 0.23339367
      objectReference: {fileID: 0}
    - target: {fileID: 4258204213067474179, guid: f8c67d14e7004a045b1773854651e34e,
        type: 3}
      propertyPath: m_LocalRotation.y
      value: -0.6673969
      objectReference: {fileID: 0}
    - target: {fileID: 4258204213067474179, guid: f8c67d14e7004a045b1773854651e34e,
        type: 3}
      propertyPath: m_LocalRotation.z
      value: 0.2336266
      objectReference: {fileID: 0}
    - target: {fileID: 4258204213067474179, guid: f8c67d14e7004a045b1773854651e34e,
        type: 3}
      propertyPath: m_LocalRotation.w
      value: 0.66747844
      objectReference: {fileID: 0}
    - target: {fileID: 4258204213067474179, guid: f8c67d14e7004a045b1773854651e34e,
        type: 3}
      propertyPath: m_RootOrder
      value: 2
      objectReference: {fileID: 0}
    - target: {fileID: 4258204213067474179, guid: f8c67d14e7004a045b1773854651e34e,
        type: 3}
      propertyPath: m_LocalEulerAnglesHint.x
      value: -180
      objectReference: {fileID: 0}
    - target: {fileID: 4258204213067474179, guid: f8c67d14e7004a045b1773854651e34e,
        type: 3}
      propertyPath: m_LocalEulerAnglesHint.y
      value: 38.565994
      objectReference: {fileID: 0}
    - target: {fileID: 4258204213067474179, guid: f8c67d14e7004a045b1773854651e34e,
        type: 3}
      propertyPath: m_LocalEulerAnglesHint.z
      value: -90
      objectReference: {fileID: 0}
    - target: {fileID: 4258204213067474179, guid: f8c67d14e7004a045b1773854651e34e,
        type: 3}
      propertyPath: m_LocalScale.x
      value: 0.10598065
      objectReference: {fileID: 0}
    - target: {fileID: 4258204213067474179, guid: f8c67d14e7004a045b1773854651e34e,
        type: 3}
      propertyPath: m_LocalScale.y
      value: 0.33383477
      objectReference: {fileID: 0}
    - target: {fileID: 4258204213067474179, guid: f8c67d14e7004a045b1773854651e34e,
        type: 3}
      propertyPath: m_LocalScale.z
      value: 0.42057285
      objectReference: {fileID: 0}
    m_RemovedComponents: []
  m_SourcePrefab: {fileID: 100100000, guid: f8c67d14e7004a045b1773854651e34e, type: 3}
--- !u!1001 &1508928459
PrefabInstance:
  m_ObjectHideFlags: 0
  serializedVersion: 2
  m_Modification:
    m_TransformParent: {fileID: 0}
    m_Modifications:
    - target: {fileID: 1467628496961825428, guid: 58ea01330d076ec488f99a40dd7add0a,
        type: 3}
      propertyPath: levelID
      value: 5
      objectReference: {fileID: 0}
    - target: {fileID: 1467628496961825428, guid: 58ea01330d076ec488f99a40dd7add0a,
        type: 3}
      propertyPath: duckFor3Stars
      value: 2
      objectReference: {fileID: 0}
    - target: {fileID: 1467628496961825428, guid: 58ea01330d076ec488f99a40dd7add0a,
        type: 3}
      propertyPath: duckFor2Stars
      value: 1
      objectReference: {fileID: 0}
    - target: {fileID: 1537474074914745644, guid: 58ea01330d076ec488f99a40dd7add0a,
        type: 3}
      propertyPath: m_Name
      value: Ded
      objectReference: {fileID: 0}
    - target: {fileID: 1537474074914745651, guid: 58ea01330d076ec488f99a40dd7add0a,
        type: 3}
      propertyPath: m_LocalPosition.x
      value: -15.813507
      objectReference: {fileID: 0}
    - target: {fileID: 1537474074914745651, guid: 58ea01330d076ec488f99a40dd7add0a,
        type: 3}
      propertyPath: m_LocalPosition.y
      value: -0.00082828477
      objectReference: {fileID: 0}
    - target: {fileID: 1537474074914745651, guid: 58ea01330d076ec488f99a40dd7add0a,
        type: 3}
      propertyPath: m_LocalPosition.z
      value: 2.3774395
      objectReference: {fileID: 0}
    - target: {fileID: 1537474074914745651, guid: 58ea01330d076ec488f99a40dd7add0a,
        type: 3}
      propertyPath: m_LocalRotation.x
      value: 0
      objectReference: {fileID: 0}
    - target: {fileID: 1537474074914745651, guid: 58ea01330d076ec488f99a40dd7add0a,
        type: 3}
      propertyPath: m_LocalRotation.y
      value: 0
      objectReference: {fileID: 0}
    - target: {fileID: 1537474074914745651, guid: 58ea01330d076ec488f99a40dd7add0a,
        type: 3}
      propertyPath: m_LocalRotation.z
      value: 0
      objectReference: {fileID: 0}
    - target: {fileID: 1537474074914745651, guid: 58ea01330d076ec488f99a40dd7add0a,
        type: 3}
      propertyPath: m_LocalRotation.w
      value: 1
      objectReference: {fileID: 0}
    - target: {fileID: 1537474074914745651, guid: 58ea01330d076ec488f99a40dd7add0a,
        type: 3}
      propertyPath: m_RootOrder
      value: 5
      objectReference: {fileID: 0}
    - target: {fileID: 1537474074914745651, guid: 58ea01330d076ec488f99a40dd7add0a,
        type: 3}
      propertyPath: m_LocalEulerAnglesHint.x
      value: 0
      objectReference: {fileID: 0}
    - target: {fileID: 1537474074914745651, guid: 58ea01330d076ec488f99a40dd7add0a,
        type: 3}
      propertyPath: m_LocalEulerAnglesHint.y
      value: 0
      objectReference: {fileID: 0}
    - target: {fileID: 1537474074914745651, guid: 58ea01330d076ec488f99a40dd7add0a,
        type: 3}
      propertyPath: m_LocalEulerAnglesHint.z
      value: 0
      objectReference: {fileID: 0}
    - target: {fileID: 6845903719984416836, guid: 58ea01330d076ec488f99a40dd7add0a,
        type: 3}
      propertyPath: _actionSounds.Array.size
      value: 18
      objectReference: {fileID: 0}
    - target: {fileID: 6845903719984416836, guid: 58ea01330d076ec488f99a40dd7add0a,
        type: 3}
      propertyPath: _actionSounds.Array.data[2]
      value: 
      objectReference: {fileID: 8300000, guid: 769dece77fb4ff44abd88499ae2e3257, type: 3}
    - target: {fileID: 6845903719984416836, guid: 58ea01330d076ec488f99a40dd7add0a,
        type: 3}
      propertyPath: _actionSounds.Array.data[3]
      value: 
      objectReference: {fileID: 8300000, guid: a98f6daeb1d5e834a89d3b0ca8951824, type: 3}
    - target: {fileID: 6845903719984416836, guid: 58ea01330d076ec488f99a40dd7add0a,
        type: 3}
      propertyPath: _actionSounds.Array.data[4]
      value: 
      objectReference: {fileID: 8300000, guid: 8b5d0ed2cbf3f5041a46741bce815c46, type: 3}
    - target: {fileID: 6845903719984416836, guid: 58ea01330d076ec488f99a40dd7add0a,
        type: 3}
      propertyPath: _actionSounds.Array.data[5]
      value: 
      objectReference: {fileID: 8300000, guid: 8b9bc8f45d834ea44a56fabd0cadb548, type: 3}
    - target: {fileID: 6845903719984416836, guid: 58ea01330d076ec488f99a40dd7add0a,
        type: 3}
      propertyPath: _actionSounds.Array.data[6]
      value: 
      objectReference: {fileID: 8300000, guid: 4953097d30498444eb44d3c6df5e0c22, type: 3}
    - target: {fileID: 6845903719984416836, guid: 58ea01330d076ec488f99a40dd7add0a,
        type: 3}
      propertyPath: _actionSounds.Array.data[7]
      value: 
      objectReference: {fileID: 8300000, guid: 17727035478389a4383842b45ae95695, type: 3}
    - target: {fileID: 6845903719984416836, guid: 58ea01330d076ec488f99a40dd7add0a,
        type: 3}
      propertyPath: _actionSounds.Array.data[8]
      value: 
      objectReference: {fileID: 8300000, guid: 760c3835b3a9fb1419e0fa5630432478, type: 3}
    - target: {fileID: 6845903719984416836, guid: 58ea01330d076ec488f99a40dd7add0a,
        type: 3}
      propertyPath: _actionSounds.Array.data[9]
      value: 
      objectReference: {fileID: 8300000, guid: c51afd978c799254ba60b4d726c48724, type: 3}
    - target: {fileID: 6845903719984416836, guid: 58ea01330d076ec488f99a40dd7add0a,
        type: 3}
      propertyPath: _actionSounds.Array.data[10]
      value: 
      objectReference: {fileID: 8300000, guid: fca50352d62aa8e4aa2d2bf60cdc884e, type: 3}
    - target: {fileID: 6845903719984416836, guid: 58ea01330d076ec488f99a40dd7add0a,
        type: 3}
      propertyPath: _actionSounds.Array.data[11]
      value: 
      objectReference: {fileID: 8300000, guid: 62860751774350742a63ba91cf69d7ca, type: 3}
    - target: {fileID: 6845903719984416836, guid: 58ea01330d076ec488f99a40dd7add0a,
        type: 3}
      propertyPath: _actionSounds.Array.data[12]
      value: 
      objectReference: {fileID: 8300000, guid: 100d300ee0215474c85c76322400e8bb, type: 3}
    - target: {fileID: 6845903719984416836, guid: 58ea01330d076ec488f99a40dd7add0a,
        type: 3}
      propertyPath: _actionSounds.Array.data[13]
      value: 
      objectReference: {fileID: 8300000, guid: 0371f0b5572134b4baafaf44cd06bb2b, type: 3}
    - target: {fileID: 6845903719984416836, guid: 58ea01330d076ec488f99a40dd7add0a,
        type: 3}
      propertyPath: _actionSounds.Array.data[14]
      value: 
      objectReference: {fileID: 8300000, guid: 5c79223f4c2a83c4bb8d7df7638a61b8, type: 3}
    - target: {fileID: 6845903719984416836, guid: 58ea01330d076ec488f99a40dd7add0a,
        type: 3}
      propertyPath: _actionSounds.Array.data[15]
      value: 
      objectReference: {fileID: 8300000, guid: 8f1ffc0f40c248043aafb2ff76606775, type: 3}
    - target: {fileID: 6845903719984416836, guid: 58ea01330d076ec488f99a40dd7add0a,
        type: 3}
      propertyPath: _actionSounds.Array.data[16]
      value: 
      objectReference: {fileID: 8300000, guid: 9d2e00876bf8e6b408b2507a4fdae498, type: 3}
    - target: {fileID: 6845903719984416836, guid: 58ea01330d076ec488f99a40dd7add0a,
        type: 3}
      propertyPath: _actionSounds.Array.data[17]
      value: 
      objectReference: {fileID: 8300000, guid: 80611cbebe61cae40b2135d6dfbd34bf, type: 3}
    - target: {fileID: 6845903719984416836, guid: 58ea01330d076ec488f99a40dd7add0a,
        type: 3}
      propertyPath: _actionSounds.Array.data[0]
      value: 
      objectReference: {fileID: 8300000, guid: 692eb8ebb4ec663409f4d5e3e1f9f05e, type: 3}
    - target: {fileID: 6845903719984416836, guid: 58ea01330d076ec488f99a40dd7add0a,
        type: 3}
      propertyPath: _actionSounds.Array.data[1]
      value: 
      objectReference: {fileID: 8300000, guid: 1b3da12a1f108654c86ff524876dca9a, type: 3}
    - target: {fileID: 8000494515206583964, guid: 58ea01330d076ec488f99a40dd7add0a,
        type: 3}
      propertyPath: m_audioClip
      value: 
      objectReference: {fileID: 8300000, guid: 238e3c66bb9fbc64d8aac75714ecb46b, type: 3}
    m_RemovedComponents: []
  m_SourcePrefab: {fileID: 100100000, guid: 58ea01330d076ec488f99a40dd7add0a, type: 3}
--- !u!1001 &1549081088
PrefabInstance:
  m_ObjectHideFlags: 0
  serializedVersion: 2
  m_Modification:
    m_TransformParent: {fileID: 1029995775}
    m_Modifications:
    - target: {fileID: 6288380921436556269, guid: 4bad3db0f1a480a4d9761b3cebf435af,
        type: 3}
      propertyPath: m_LocalPosition.x
      value: 0.00082973496
      objectReference: {fileID: 0}
    - target: {fileID: 6288380921436556269, guid: 4bad3db0f1a480a4d9761b3cebf435af,
        type: 3}
      propertyPath: m_LocalPosition.y
      value: -0.0053
      objectReference: {fileID: 0}
    - target: {fileID: 6288380921436556269, guid: 4bad3db0f1a480a4d9761b3cebf435af,
        type: 3}
      propertyPath: m_LocalPosition.z
      value: 0.0178
      objectReference: {fileID: 0}
    - target: {fileID: 6288380921436556269, guid: 4bad3db0f1a480a4d9761b3cebf435af,
        type: 3}
      propertyPath: m_LocalRotation.x
      value: -0.0003490746
      objectReference: {fileID: 0}
    - target: {fileID: 6288380921436556269, guid: 4bad3db0f1a480a4d9761b3cebf435af,
        type: 3}
      propertyPath: m_LocalRotation.y
      value: -0
      objectReference: {fileID: 0}
    - target: {fileID: 6288380921436556269, guid: 4bad3db0f1a480a4d9761b3cebf435af,
        type: 3}
      propertyPath: m_LocalRotation.z
      value: -0
      objectReference: {fileID: 0}
    - target: {fileID: 6288380921436556269, guid: 4bad3db0f1a480a4d9761b3cebf435af,
        type: 3}
      propertyPath: m_LocalRotation.w
      value: 1
      objectReference: {fileID: 0}
    - target: {fileID: 6288380921436556269, guid: 4bad3db0f1a480a4d9761b3cebf435af,
        type: 3}
      propertyPath: m_RootOrder
      value: 0
      objectReference: {fileID: 0}
    - target: {fileID: 6288380921436556269, guid: 4bad3db0f1a480a4d9761b3cebf435af,
        type: 3}
      propertyPath: m_LocalEulerAnglesHint.x
      value: -89.98
      objectReference: {fileID: 0}
    - target: {fileID: 6288380921436556269, guid: 4bad3db0f1a480a4d9761b3cebf435af,
        type: 3}
      propertyPath: m_LocalEulerAnglesHint.y
      value: 0
      objectReference: {fileID: 0}
    - target: {fileID: 6288380921436556269, guid: 4bad3db0f1a480a4d9761b3cebf435af,
        type: 3}
      propertyPath: m_LocalEulerAnglesHint.z
      value: 180
      objectReference: {fileID: 0}
    - target: {fileID: 6288380921436556269, guid: 4bad3db0f1a480a4d9761b3cebf435af,
        type: 3}
      propertyPath: m_LocalScale.x
      value: 1
      objectReference: {fileID: 0}
    - target: {fileID: 6288380921436556269, guid: 4bad3db0f1a480a4d9761b3cebf435af,
        type: 3}
      propertyPath: m_LocalScale.y
      value: 1
      objectReference: {fileID: 0}
    - target: {fileID: 6288380921436556269, guid: 4bad3db0f1a480a4d9761b3cebf435af,
        type: 3}
      propertyPath: m_LocalScale.z
      value: 1
      objectReference: {fileID: 0}
    - target: {fileID: 6998462951485553150, guid: 4bad3db0f1a480a4d9761b3cebf435af,
        type: 3}
      propertyPath: m_Name
      value: window
      objectReference: {fileID: 0}
    m_RemovedComponents: []
  m_SourcePrefab: {fileID: 100100000, guid: 4bad3db0f1a480a4d9761b3cebf435af, type: 3}
--- !u!1001 &1623053284
PrefabInstance:
  m_ObjectHideFlags: 0
  serializedVersion: 2
  m_Modification:
    m_TransformParent: {fileID: 0}
    m_Modifications:
    - target: {fileID: 572866707527455065, guid: dba77b9c54112074897a2e972eae45f5,
        type: 3}
      propertyPath: m_LocalPosition.x
      value: -1.36
      objectReference: {fileID: 0}
    - target: {fileID: 572866707527455065, guid: dba77b9c54112074897a2e972eae45f5,
        type: 3}
      propertyPath: m_LocalPosition.y
      value: -0.00047642455
      objectReference: {fileID: 0}
    - target: {fileID: 572866707527455065, guid: dba77b9c54112074897a2e972eae45f5,
        type: 3}
      propertyPath: m_LocalPosition.z
      value: 16.68
      objectReference: {fileID: 0}
    - target: {fileID: 572866707527455065, guid: dba77b9c54112074897a2e972eae45f5,
        type: 3}
      propertyPath: m_LocalRotation.x
      value: -0.7071068
      objectReference: {fileID: 0}
    - target: {fileID: 572866707527455065, guid: dba77b9c54112074897a2e972eae45f5,
        type: 3}
      propertyPath: m_LocalRotation.y
      value: 0
      objectReference: {fileID: 0}
    - target: {fileID: 572866707527455065, guid: dba77b9c54112074897a2e972eae45f5,
        type: 3}
      propertyPath: m_LocalRotation.z
      value: -0
      objectReference: {fileID: 0}
    - target: {fileID: 572866707527455065, guid: dba77b9c54112074897a2e972eae45f5,
        type: 3}
      propertyPath: m_LocalRotation.w
      value: 0.7071067
      objectReference: {fileID: 0}
    - target: {fileID: 572866707527455065, guid: dba77b9c54112074897a2e972eae45f5,
        type: 3}
      propertyPath: m_RootOrder
      value: 2
      objectReference: {fileID: 0}
    - target: {fileID: 572866707527455065, guid: dba77b9c54112074897a2e972eae45f5,
        type: 3}
      propertyPath: m_LocalEulerAnglesHint.x
      value: 0
      objectReference: {fileID: 0}
    - target: {fileID: 572866707527455065, guid: dba77b9c54112074897a2e972eae45f5,
        type: 3}
      propertyPath: m_LocalEulerAnglesHint.y
      value: 0
      objectReference: {fileID: 0}
    - target: {fileID: 572866707527455065, guid: dba77b9c54112074897a2e972eae45f5,
        type: 3}
      propertyPath: m_LocalEulerAnglesHint.z
      value: 0
      objectReference: {fileID: 0}
    - target: {fileID: 3578218638865638218, guid: dba77b9c54112074897a2e972eae45f5,
        type: 3}
      propertyPath: m_Name
      value: floor lamp
      objectReference: {fileID: 0}
    m_RemovedComponents: []
  m_SourcePrefab: {fileID: 100100000, guid: dba77b9c54112074897a2e972eae45f5, type: 3}
--- !u!1001 &1645162567
PrefabInstance:
  m_ObjectHideFlags: 0
  serializedVersion: 2
  m_Modification:
    m_TransformParent: {fileID: 0}
    m_Modifications:
    - target: {fileID: 351597002865666258, guid: 8ef36a95f20ff7a419665d17f707f097,
        type: 3}
      propertyPath: m_Name
      value: pot_02
      objectReference: {fileID: 0}
    - target: {fileID: 3655311307926706881, guid: 8ef36a95f20ff7a419665d17f707f097,
        type: 3}
      propertyPath: m_LocalPosition.x
      value: -12.911353
      objectReference: {fileID: 0}
    - target: {fileID: 3655311307926706881, guid: 8ef36a95f20ff7a419665d17f707f097,
        type: 3}
      propertyPath: m_LocalPosition.y
      value: 2.0010068
      objectReference: {fileID: 0}
    - target: {fileID: 3655311307926706881, guid: 8ef36a95f20ff7a419665d17f707f097,
        type: 3}
      propertyPath: m_LocalPosition.z
      value: 11.58775
      objectReference: {fileID: 0}
    - target: {fileID: 3655311307926706881, guid: 8ef36a95f20ff7a419665d17f707f097,
        type: 3}
      propertyPath: m_LocalRotation.x
      value: -0.7071068
      objectReference: {fileID: 0}
    - target: {fileID: 3655311307926706881, guid: 8ef36a95f20ff7a419665d17f707f097,
        type: 3}
      propertyPath: m_LocalRotation.y
      value: 0
      objectReference: {fileID: 0}
    - target: {fileID: 3655311307926706881, guid: 8ef36a95f20ff7a419665d17f707f097,
        type: 3}
      propertyPath: m_LocalRotation.z
      value: -0
      objectReference: {fileID: 0}
    - target: {fileID: 3655311307926706881, guid: 8ef36a95f20ff7a419665d17f707f097,
        type: 3}
      propertyPath: m_LocalRotation.w
      value: 0.7071067
      objectReference: {fileID: 0}
    - target: {fileID: 3655311307926706881, guid: 8ef36a95f20ff7a419665d17f707f097,
        type: 3}
      propertyPath: m_RootOrder
      value: 1
      objectReference: {fileID: 0}
    - target: {fileID: 3655311307926706881, guid: 8ef36a95f20ff7a419665d17f707f097,
        type: 3}
      propertyPath: m_LocalEulerAnglesHint.x
      value: 0
      objectReference: {fileID: 0}
    - target: {fileID: 3655311307926706881, guid: 8ef36a95f20ff7a419665d17f707f097,
        type: 3}
      propertyPath: m_LocalEulerAnglesHint.y
      value: 0
      objectReference: {fileID: 0}
    - target: {fileID: 3655311307926706881, guid: 8ef36a95f20ff7a419665d17f707f097,
        type: 3}
      propertyPath: m_LocalEulerAnglesHint.z
      value: 0
      objectReference: {fileID: 0}
    m_RemovedComponents: []
  m_SourcePrefab: {fileID: 100100000, guid: 8ef36a95f20ff7a419665d17f707f097, type: 3}
--- !u!1001 &1802103916
PrefabInstance:
  m_ObjectHideFlags: 0
  serializedVersion: 2
  m_Modification:
    m_TransformParent: {fileID: 0}
    m_Modifications:
    - target: {fileID: 2071433086450729872, guid: af31fadbeb0799b4da1c03bf0bea1e94,
        type: 3}
      propertyPath: m_AnchoredPosition.y
      value: 0
      objectReference: {fileID: 0}
    - target: {fileID: 7091585541317865105, guid: af31fadbeb0799b4da1c03bf0bea1e94,
        type: 3}
      propertyPath: m_LocalPosition.x
      value: 0
      objectReference: {fileID: 0}
    - target: {fileID: 7091585541317865105, guid: af31fadbeb0799b4da1c03bf0bea1e94,
        type: 3}
      propertyPath: m_LocalPosition.y
      value: 0
      objectReference: {fileID: 0}
    - target: {fileID: 7091585541317865105, guid: af31fadbeb0799b4da1c03bf0bea1e94,
        type: 3}
      propertyPath: m_LocalPosition.z
      value: 0
      objectReference: {fileID: 0}
    - target: {fileID: 7091585541317865105, guid: af31fadbeb0799b4da1c03bf0bea1e94,
        type: 3}
      propertyPath: m_LocalRotation.x
      value: 0
      objectReference: {fileID: 0}
    - target: {fileID: 7091585541317865105, guid: af31fadbeb0799b4da1c03bf0bea1e94,
        type: 3}
      propertyPath: m_LocalRotation.y
      value: 0
      objectReference: {fileID: 0}
    - target: {fileID: 7091585541317865105, guid: af31fadbeb0799b4da1c03bf0bea1e94,
        type: 3}
      propertyPath: m_LocalRotation.z
      value: 0
      objectReference: {fileID: 0}
    - target: {fileID: 7091585541317865105, guid: af31fadbeb0799b4da1c03bf0bea1e94,
        type: 3}
      propertyPath: m_LocalRotation.w
      value: 1
      objectReference: {fileID: 0}
    - target: {fileID: 7091585541317865105, guid: af31fadbeb0799b4da1c03bf0bea1e94,
        type: 3}
      propertyPath: m_RootOrder
      value: 9
      objectReference: {fileID: 0}
    - target: {fileID: 7091585541317865105, guid: af31fadbeb0799b4da1c03bf0bea1e94,
        type: 3}
      propertyPath: m_LocalEulerAnglesHint.x
      value: 0
      objectReference: {fileID: 0}
    - target: {fileID: 7091585541317865105, guid: af31fadbeb0799b4da1c03bf0bea1e94,
        type: 3}
      propertyPath: m_LocalEulerAnglesHint.y
      value: 0
      objectReference: {fileID: 0}
    - target: {fileID: 7091585541317865105, guid: af31fadbeb0799b4da1c03bf0bea1e94,
        type: 3}
      propertyPath: m_LocalEulerAnglesHint.z
      value: 0
      objectReference: {fileID: 0}
    - target: {fileID: 7091585541317865105, guid: af31fadbeb0799b4da1c03bf0bea1e94,
        type: 3}
      propertyPath: m_AnchoredPosition.x
      value: 0
      objectReference: {fileID: 0}
    - target: {fileID: 7091585541317865105, guid: af31fadbeb0799b4da1c03bf0bea1e94,
        type: 3}
      propertyPath: m_AnchoredPosition.y
      value: 0
      objectReference: {fileID: 0}
    - target: {fileID: 7091585541317865105, guid: af31fadbeb0799b4da1c03bf0bea1e94,
        type: 3}
      propertyPath: m_SizeDelta.x
      value: 0
      objectReference: {fileID: 0}
    - target: {fileID: 7091585541317865105, guid: af31fadbeb0799b4da1c03bf0bea1e94,
        type: 3}
      propertyPath: m_SizeDelta.y
      value: 0
      objectReference: {fileID: 0}
    - target: {fileID: 7091585541317865105, guid: af31fadbeb0799b4da1c03bf0bea1e94,
        type: 3}
      propertyPath: m_AnchorMin.x
      value: 0
      objectReference: {fileID: 0}
    - target: {fileID: 7091585541317865105, guid: af31fadbeb0799b4da1c03bf0bea1e94,
        type: 3}
      propertyPath: m_AnchorMin.y
      value: 0
      objectReference: {fileID: 0}
    - target: {fileID: 7091585541317865105, guid: af31fadbeb0799b4da1c03bf0bea1e94,
        type: 3}
      propertyPath: m_AnchorMax.x
      value: 0
      objectReference: {fileID: 0}
    - target: {fileID: 7091585541317865105, guid: af31fadbeb0799b4da1c03bf0bea1e94,
        type: 3}
      propertyPath: m_AnchorMax.y
      value: 0
      objectReference: {fileID: 0}
    - target: {fileID: 7091585541317865105, guid: af31fadbeb0799b4da1c03bf0bea1e94,
        type: 3}
      propertyPath: m_Pivot.x
      value: 0
      objectReference: {fileID: 0}
    - target: {fileID: 7091585541317865105, guid: af31fadbeb0799b4da1c03bf0bea1e94,
        type: 3}
      propertyPath: m_Pivot.y
      value: 0
      objectReference: {fileID: 0}
    - target: {fileID: 7091585541317865106, guid: af31fadbeb0799b4da1c03bf0bea1e94,
        type: 3}
      propertyPath: m_Name
      value: Canvas
      objectReference: {fileID: 0}
    - target: {fileID: 7091585541317865106, guid: af31fadbeb0799b4da1c03bf0bea1e94,
        type: 3}
      propertyPath: m_IsActive
      value: 0
      objectReference: {fileID: 0}
    m_RemovedComponents: []
  m_SourcePrefab: {fileID: 100100000, guid: af31fadbeb0799b4da1c03bf0bea1e94, type: 3}
--- !u!4 &1833830849 stripped
Transform:
  m_CorrespondingSourceObject: {fileID: 6857530185469910616, guid: 615b6557d8f1ec84080a924ad04fdc7f,
    type: 3}
  m_PrefabInstance: {fileID: 380851590}
  m_PrefabAsset: {fileID: 0}
--- !u!1001 &1884130798
PrefabInstance:
  m_ObjectHideFlags: 0
  serializedVersion: 2
  m_Modification:
    m_TransformParent: {fileID: 1946262814}
    m_Modifications:
    - target: {fileID: 6032698545261811802, guid: 059812233e7328d49ad0c5e9b10c683d,
        type: 3}
      propertyPath: m_LocalPosition.x
      value: -12.66
      objectReference: {fileID: 0}
    - target: {fileID: 6032698545261811802, guid: 059812233e7328d49ad0c5e9b10c683d,
        type: 3}
      propertyPath: m_LocalPosition.y
      value: -0
      objectReference: {fileID: 0}
    - target: {fileID: 6032698545261811802, guid: 059812233e7328d49ad0c5e9b10c683d,
        type: 3}
      propertyPath: m_LocalPosition.z
      value: 10.82
      objectReference: {fileID: 0}
    - target: {fileID: 6032698545261811802, guid: 059812233e7328d49ad0c5e9b10c683d,
        type: 3}
      propertyPath: m_LocalRotation.x
      value: 0.6530995
      objectReference: {fileID: 0}
    - target: {fileID: 6032698545261811802, guid: 059812233e7328d49ad0c5e9b10c683d,
        type: 3}
      propertyPath: m_LocalRotation.y
      value: -0.27103648
      objectReference: {fileID: 0}
    - target: {fileID: 6032698545261811802, guid: 059812233e7328d49ad0c5e9b10c683d,
        type: 3}
      propertyPath: m_LocalRotation.z
      value: -0.27103627
      objectReference: {fileID: 0}
    - target: {fileID: 6032698545261811802, guid: 059812233e7328d49ad0c5e9b10c683d,
        type: 3}
      propertyPath: m_LocalRotation.w
      value: -0.65310013
      objectReference: {fileID: 0}
    - target: {fileID: 6032698545261811802, guid: 059812233e7328d49ad0c5e9b10c683d,
        type: 3}
      propertyPath: m_RootOrder
      value: 0
      objectReference: {fileID: 0}
    - target: {fileID: 6032698545261811802, guid: 059812233e7328d49ad0c5e9b10c683d,
        type: 3}
      propertyPath: m_LocalEulerAnglesHint.x
      value: -90.00001
      objectReference: {fileID: 0}
    - target: {fileID: 6032698545261811802, guid: 059812233e7328d49ad0c5e9b10c683d,
        type: 3}
      propertyPath: m_LocalEulerAnglesHint.y
      value: 0
      objectReference: {fileID: 0}
    - target: {fileID: 6032698545261811802, guid: 059812233e7328d49ad0c5e9b10c683d,
        type: 3}
      propertyPath: m_LocalEulerAnglesHint.z
      value: -314.923
      objectReference: {fileID: 0}
    - target: {fileID: 7341758571162266185, guid: 059812233e7328d49ad0c5e9b10c683d,
        type: 3}
      propertyPath: m_Name
      value: commode
      objectReference: {fileID: 0}
    m_RemovedComponents: []
  m_SourcePrefab: {fileID: 100100000, guid: 059812233e7328d49ad0c5e9b10c683d, type: 3}
--- !u!1 &1946262813
GameObject:
  m_ObjectHideFlags: 0
  m_CorrespondingSourceObject: {fileID: 0}
  m_PrefabInstance: {fileID: 0}
  m_PrefabAsset: {fileID: 0}
  serializedVersion: 6
  m_Component:
  - component: {fileID: 1946262814}
  m_Layer: 0
  m_Name: LevelContant
  m_TagString: Untagged
  m_Icon: {fileID: 0}
  m_NavMeshLayer: 0
  m_StaticEditorFlags: 0
  m_IsActive: 1
--- !u!4 &1946262814
Transform:
  m_ObjectHideFlags: 0
  m_CorrespondingSourceObject: {fileID: 0}
  m_PrefabInstance: {fileID: 0}
  m_PrefabAsset: {fileID: 0}
  m_GameObject: {fileID: 1946262813}
  m_LocalRotation: {x: 0, y: 0, z: 0, w: 1}
  m_LocalPosition: {x: 0, y: 0, z: 0}
  m_LocalScale: {x: 1, y: 1, z: 1}
  m_Children:
  - {fileID: 2088225425}
  - {fileID: 435581912}
  m_Father: {fileID: 0}
  m_RootOrder: 17
  m_LocalEulerAnglesHint: {x: 0, y: 0, z: 0}
--- !u!1001 &2048175349
PrefabInstance:
  m_ObjectHideFlags: 0
  serializedVersion: 2
  m_Modification:
    m_TransformParent: {fileID: 2077196589}
    m_Modifications:
    - target: {fileID: 1678985964931678759, guid: a89913e63df91444399786381648252e,
        type: 3}
      propertyPath: m_LocalPosition.x
      value: -0.008503003
      objectReference: {fileID: 0}
    - target: {fileID: 1678985964931678759, guid: a89913e63df91444399786381648252e,
        type: 3}
      propertyPath: m_LocalPosition.y
      value: -0.015002992
      objectReference: {fileID: 0}
    - target: {fileID: 1678985964931678759, guid: a89913e63df91444399786381648252e,
        type: 3}
      propertyPath: m_LocalPosition.z
      value: 0.0069782315
      objectReference: {fileID: 0}
    - target: {fileID: 1678985964931678759, guid: a89913e63df91444399786381648252e,
        type: 3}
      propertyPath: m_LocalRotation.x
      value: 0.0001745075
      objectReference: {fileID: 0}
    - target: {fileID: 1678985964931678759, guid: a89913e63df91444399786381648252e,
        type: 3}
      propertyPath: m_LocalRotation.y
      value: 0.0001745075
      objectReference: {fileID: 0}
    - target: {fileID: 1678985964931678759, guid: a89913e63df91444399786381648252e,
        type: 3}
      propertyPath: m_LocalRotation.z
      value: 1
      objectReference: {fileID: 0}
    - target: {fileID: 1678985964931678759, guid: a89913e63df91444399786381648252e,
        type: 3}
      propertyPath: m_LocalRotation.w
      value: 0.000000014901161
      objectReference: {fileID: 0}
    - target: {fileID: 1678985964931678759, guid: a89913e63df91444399786381648252e,
        type: 3}
      propertyPath: m_RootOrder
      value: 0
      objectReference: {fileID: 0}
    - target: {fileID: 1678985964931678759, guid: a89913e63df91444399786381648252e,
        type: 3}
      propertyPath: m_LocalEulerAnglesHint.x
      value: -89.98
      objectReference: {fileID: 0}
    - target: {fileID: 1678985964931678759, guid: a89913e63df91444399786381648252e,
        type: 3}
      propertyPath: m_LocalEulerAnglesHint.y
      value: 0
      objectReference: {fileID: 0}
    - target: {fileID: 1678985964931678759, guid: a89913e63df91444399786381648252e,
        type: 3}
      propertyPath: m_LocalEulerAnglesHint.z
      value: 90
      objectReference: {fileID: 0}
    - target: {fileID: 1678985964931678759, guid: a89913e63df91444399786381648252e,
        type: 3}
      propertyPath: m_LocalScale.x
      value: 2.126427
      objectReference: {fileID: 0}
    - target: {fileID: 1678985964931678759, guid: a89913e63df91444399786381648252e,
        type: 3}
      propertyPath: m_LocalScale.y
      value: 0.51974887
      objectReference: {fileID: 0}
    - target: {fileID: 1678985964931678759, guid: a89913e63df91444399786381648252e,
        type: 3}
      propertyPath: m_LocalScale.z
      value: 0.108390994
      objectReference: {fileID: 0}
    - target: {fileID: 2384564803508662324, guid: a89913e63df91444399786381648252e,
        type: 3}
      propertyPath: m_Name
      value: shelf
      objectReference: {fileID: 0}
    m_RemovedComponents: []
  m_SourcePrefab: {fileID: 100100000, guid: a89913e63df91444399786381648252e, type: 3}
--- !u!1001 &2075638229
PrefabInstance:
  m_ObjectHideFlags: 0
  serializedVersion: 2
  m_Modification:
    m_TransformParent: {fileID: 0}
    m_Modifications:
    - target: {fileID: 8947478099798191856, guid: 39aea982ceca249428f6acc921b83283,
        type: 3}
      propertyPath: m_LocalPosition.x
      value: -8.9987
      objectReference: {fileID: 0}
    - target: {fileID: 8947478099798191856, guid: 39aea982ceca249428f6acc921b83283,
        type: 3}
      propertyPath: m_LocalPosition.y
      value: 0
      objectReference: {fileID: 0}
    - target: {fileID: 8947478099798191856, guid: 39aea982ceca249428f6acc921b83283,
        type: 3}
      propertyPath: m_LocalPosition.z
      value: 8.9987
      objectReference: {fileID: 0}
    - target: {fileID: 8947478099798191856, guid: 39aea982ceca249428f6acc921b83283,
        type: 3}
      propertyPath: m_LocalRotation.x
      value: 0
      objectReference: {fileID: 0}
    - target: {fileID: 8947478099798191856, guid: 39aea982ceca249428f6acc921b83283,
        type: 3}
      propertyPath: m_LocalRotation.y
      value: 0
      objectReference: {fileID: 0}
    - target: {fileID: 8947478099798191856, guid: 39aea982ceca249428f6acc921b83283,
        type: 3}
      propertyPath: m_LocalRotation.z
      value: 0
      objectReference: {fileID: 0}
    - target: {fileID: 8947478099798191856, guid: 39aea982ceca249428f6acc921b83283,
        type: 3}
      propertyPath: m_LocalRotation.w
      value: 1
      objectReference: {fileID: 0}
    - target: {fileID: 8947478099798191856, guid: 39aea982ceca249428f6acc921b83283,
        type: 3}
      propertyPath: m_RootOrder
      value: 7
      objectReference: {fileID: 0}
    - target: {fileID: 8947478099798191856, guid: 39aea982ceca249428f6acc921b83283,
        type: 3}
      propertyPath: m_LocalEulerAnglesHint.x
      value: 0
      objectReference: {fileID: 0}
    - target: {fileID: 8947478099798191856, guid: 39aea982ceca249428f6acc921b83283,
        type: 3}
      propertyPath: m_LocalEulerAnglesHint.y
      value: 0
      objectReference: {fileID: 0}
    - target: {fileID: 8947478099798191856, guid: 39aea982ceca249428f6acc921b83283,
        type: 3}
      propertyPath: m_LocalEulerAnglesHint.z
      value: 0
      objectReference: {fileID: 0}
    - target: {fileID: 8947478099798191858, guid: 39aea982ceca249428f6acc921b83283,
        type: 3}
      propertyPath: m_Name
      value: CameraRig
      objectReference: {fileID: 0}
    - target: {fileID: 8947478100137681489, guid: 39aea982ceca249428f6acc921b83283,
        type: 3}
      propertyPath: m_BackGroundColor.r
      value: 0.1882353
      objectReference: {fileID: 0}
    - target: {fileID: 8947478100137681489, guid: 39aea982ceca249428f6acc921b83283,
        type: 3}
      propertyPath: m_BackGroundColor.g
      value: 0.2
      objectReference: {fileID: 0}
    - target: {fileID: 8947478100137681489, guid: 39aea982ceca249428f6acc921b83283,
        type: 3}
      propertyPath: m_BackGroundColor.b
      value: 0.21568628
      objectReference: {fileID: 0}
    m_RemovedComponents: []
  m_SourcePrefab: {fileID: 100100000, guid: 39aea982ceca249428f6acc921b83283, type: 3}
--- !u!4 &2077196589 stripped
Transform:
  m_CorrespondingSourceObject: {fileID: 4400223457553689534, guid: 615b6557d8f1ec84080a924ad04fdc7f,
    type: 3}
  m_PrefabInstance: {fileID: 380851590}
  m_PrefabAsset: {fileID: 0}
--- !u!4 &2088225425 stripped
Transform:
  m_CorrespondingSourceObject: {fileID: 6032698545261811802, guid: 059812233e7328d49ad0c5e9b10c683d,
    type: 3}
  m_PrefabInstance: {fileID: 1884130798}
  m_PrefabAsset: {fileID: 0}
--- !u!1001 &2122698602
PrefabInstance:
  m_ObjectHideFlags: 0
  serializedVersion: 2
  m_Modification:
    m_TransformParent: {fileID: 0}
    m_Modifications:
    - target: {fileID: 4919918841772766201, guid: cc2cce5e684fc39469567938844a585b,
        type: 3}
      propertyPath: m_Name
      value: bomb (7)
      objectReference: {fileID: 0}
    - target: {fileID: 8222528135632716266, guid: cc2cce5e684fc39469567938844a585b,
        type: 3}
      propertyPath: m_LocalPosition.x
      value: -6.32
      objectReference: {fileID: 0}
    - target: {fileID: 8222528135632716266, guid: cc2cce5e684fc39469567938844a585b,
        type: 3}
      propertyPath: m_LocalPosition.y
      value: -0.0004758215
      objectReference: {fileID: 0}
    - target: {fileID: 8222528135632716266, guid: cc2cce5e684fc39469567938844a585b,
        type: 3}
      propertyPath: m_LocalPosition.z
      value: 3.85
      objectReference: {fileID: 0}
    - target: {fileID: 8222528135632716266, guid: cc2cce5e684fc39469567938844a585b,
        type: 3}
      propertyPath: m_LocalRotation.x
      value: -0.7071068
      objectReference: {fileID: 0}
    - target: {fileID: 8222528135632716266, guid: cc2cce5e684fc39469567938844a585b,
        type: 3}
      propertyPath: m_LocalRotation.y
      value: 0
      objectReference: {fileID: 0}
    - target: {fileID: 8222528135632716266, guid: cc2cce5e684fc39469567938844a585b,
        type: 3}
      propertyPath: m_LocalRotation.z
      value: -0
      objectReference: {fileID: 0}
    - target: {fileID: 8222528135632716266, guid: cc2cce5e684fc39469567938844a585b,
        type: 3}
      propertyPath: m_LocalRotation.w
      value: 0.7071067
      objectReference: {fileID: 0}
    - target: {fileID: 8222528135632716266, guid: cc2cce5e684fc39469567938844a585b,
        type: 3}
      propertyPath: m_RootOrder
      value: 18
      objectReference: {fileID: 0}
    - target: {fileID: 8222528135632716266, guid: cc2cce5e684fc39469567938844a585b,
        type: 3}
      propertyPath: m_LocalEulerAnglesHint.x
      value: 0
      objectReference: {fileID: 0}
    - target: {fileID: 8222528135632716266, guid: cc2cce5e684fc39469567938844a585b,
        type: 3}
      propertyPath: m_LocalEulerAnglesHint.y
      value: 0
      objectReference: {fileID: 0}
    - target: {fileID: 8222528135632716266, guid: cc2cce5e684fc39469567938844a585b,
        type: 3}
      propertyPath: m_LocalEulerAnglesHint.z
      value: 0
      objectReference: {fileID: 0}
    m_RemovedComponents: []
  m_SourcePrefab: {fileID: 100100000, guid: cc2cce5e684fc39469567938844a585b, type: 3}
